Workbook
Name Auxiliar: #REF!
Name Auxiliar: #REF!
Name Auxiliar: #REF!
Name CUSTO_VALE_TRANSPORTE: #REF!
Name CUSTO_VALE_TRANSPORTE: #REF!
Name CUSTO_VALE_TRANSPORTE: #REF!
Name ecwece4c: #REF!
Name ecwece4c: #REF!
Name ecwece4c: #REF!
Name MOMB4: '[1]SERVENTE MANUTENCAO'!$I$144
Name MONA1: #REF!
Name MONA1: #REF!
Name MONA1: #REF!
Name MONA2: #REF!
Name MONA2: #REF!
Name MONA2: #REF!
Name MONA3: [2]HIDRAULICO!$I$138
Name MONA4: '[2]SERVENTE (AUX PRODUCAO)'!$I$138
Name MONA5: #REF!
Name MONA5: #REF!
Name MONA5: #REF!
Name MONA6: #REF!
Name MONA6: #REF!
Name MONA6: #REF!
Name MONA7: #REF!
Name MONA7: #REF!
Name MONA7: #REF!
Name MONA8: [2]MECANICO_REFRIGERACAO!$I$138
Name MONB1: #REF!
Name MONB1: #REF!
Name MONB1: #REF!
Name MONB2: #REF!
Name MONB2: #REF!
Name MONB2: #REF!
Name MONB3: [2]HIDRAULICO!$I$144
Name MONB4: '[2]SERVENTE (AUX PRODUCAO)'!$I$144
Name MONB5: #REF!
Name MONB5: #REF!
Name MONB5: #REF!
Name MONB6: #REF!
Name MONB6: #REF!
Name MONB6: #REF!
Name MONB7: #REF!
Name MONB7: #REF!
Name MONB7: #REF!
Name MONB8: [2]MECANICO_REFRIGERACAO!$I$144
Name MONC1: #REF!
Name MONC1: #REF!
Name MONC1: #REF!
Name MONC2: #REF!
Name MONC2: #REF!
Name MONC2: #REF!
Name MONC3: [2]HIDRAULICO!$I$148
Name MONC4: '[2]SERVENTE (AUX PRODUCAO)'!$I$148
Name MONC5: #REF!
Name MONC5: #REF!
Name MONC5: #REF!
Name MONC6: #REF!
Name MONC6: #REF!
Name MONC6: #REF!

Sheet Aux. Limpeza (14 POA)
A1: PLANILHA DE CUSTOS E FORMAÇÃO DE PREÇOS DE SERVIÇOS CONTINUADOS COM DEDICAÇÃO EXCLUSIVA DE MÃO DE OBRA (ANEXO III - DECRETO 52.768 de 15.12.2015)
A2: PROCESSO: | C2: 25/1500-0029436-4 | E2: REGIME DE TRIBUTAÇÃO: LUCRO REAL
A3: LICITAÇÃO/EDITAL | E3: ABERTURA:
A5: Cargo/Função: | D5: Aux. De Limpeza | G5: =IF(D6="12x36","Regime de trabalho:","Quantidade de HORAS/MÊS") -> Quantidade de HORAS/MÊS | I5: 200
A6: =IF(D6="12x36","Regime de trabalho:","Regime de trabalho (horas semanais):") -> Regime de trabalho (horas semanais): | D6: 40
A7: Convenção Coletiva de Trabalho: | D7: RS000041/2026 | G7: INSALUBRIDADE (10%, 20%, 40%) | I7: 0.4
A8: Origem do salário: | D8: CCT
A9: Cidade: | D9: Porto Alegre | G9: PERICULOSIDADE (30%) | I9: Não aplicável
A10: Salário Normativo | G10: Vlr. do salário e nº de horas correspondentes | H10: 220 | I10: 1765.86
A11: ISS | G11: =D9 -> Porto Alegre | H11: Alíquota | I11: 0.025
A12: Tarifa Transporte | G12: CCT | H12: Vr. Unitário | I12: 5.3
H13: Dias | I13: 22
H14: Desconto | I14: 0.06
A15: Auxílio Alimentação | G15: CCT | H15: Vr. Unitário | I15: 27.15
H16: Dias | I16: 22
H17: Desconto | I17: 0.19
A18: Auxílio Lanche | G18: CCT | H18: Vr. Unitário | I18: 0
H19: Dias | I19: 0
H20: Desconto | I20: 0
A21: Prêmio Assiduidade / Cesta Básica (quando houver) | G21: CCT | H21: Valor mensal | I21: 80
A22: Plano de Benefício Social Familiar (apenas para a CCT SEEAC/SINDASSEIO) | G22: CCT | H22: Valor mensal | I22: 25.52
A23: Outros benefícios que refletem na planilha de custos, caso constem na CCT. | G23: CCT | H23: Valor mensal | I23: Não aplicável
A24: Adicional de Supervisor (37%) | H24: Porcentagem | I24: Não aplicável
A25: Base de cálculo da insalubridade | H25: Valor | I25: 1605.33
A26: Quantitativo de horas trabalhadas em feriados no mês (estimado) - Não aplicável para postos 12x36 | H26: Horas por mês | I26: Não aplicável
H27: Acréscimo da hora extra | I27: Não aplicável
A28: Hora Intervalar (somente para postos 12x36, quando for o caso) | H28: Horas por mês | I28: Não aplicável
A29: Sem fornecimento de materiais ou apenas fornecimento de EPIs ou uniformes, utilizar 10%. Com fornecimento de materiais ou equipamentos, utilizar 20%. (Decreto 52.768/2015, alterado pelo Decreto 53.424/2017) | H29: Porcentagem | I29: 0.2
I30: Não aplicável
A36: MONTANTE A
A37: I | B37: Remuneração - Grupo I | H37: % | I37: Valor Mensal/unidade de serviço (R$)
A38: 1 | B38: Salário | H38: =I38/$I$46 -> 0.71428537 | I38: =IF(D6="12x36",I10,I10/H10*I5) -> 1605.3273
A39: =A38+1 -> 2 | B39: Adicional Periculosidade 30% (Ver súmulas 364, 132 e 191 do TST) | H39: =I39/$I$46 -> 0 | I39: =IF(I9=30%,I38*I9,0) -> 0
A40: =A39+1 -> 3 | B40: Adicional Insalubridade 10% (Ver súmula 228 e 139 TST) | H40: =I40/$I$46 -> 0 | I40: =IF(I7=10%,I25*I7,0) -> 0
A41: =A40+1 -> 4 | B41: Adicional Insalubridade 20% (Ver súmula 228 e 139 TST) | H41: =I41/$I$46 -> 0 | I41: =IF(I7=20%,I25*I7,0) -> 0
A42: =A41+1 -> 5 | B42: Adicional Insalubridade 40% (Ver súmula 228 e 139 TST) | H42: =I42/$I$46 -> 0.28571463 | I42: =IF(I7=40%,I25*I7,0) -> 642.132
A43: =A42+1 -> 6 | B43: Adicional de Supervisor (IN 05/2017 MPOG SLTI) | H43: =I43/$I$46 -> 0 | I43: =IF(I24="Não aplicável",0,I38*I24) -> 0
A44: =A43+1 -> 7 | B44: Feriados | H44: =I44/$I$46 -> 0 | I44: =IF(I26="Não aplicável",0,(I38+I39+I40+I41+I42+I43)/I5*I26*(1+I27)) -> 0
A45: =A44+1 -> 8 | B45: DSR = número total das horas extras do mês / número de dias úteis X domingos e feriados do mês X valor da hora extra com acréscimo | H45: =I45/$I$46 -> 0 | I45: =IF(I26="Não aplicável",0,I26/I13*5*(I10/H10*(1+I27))) -> 0
A46: Total de Remuneração | H46: =SUM(H38:H45) -> 1 | I46: =SUM(I38:I45) -> 2247.4593
A57: II | B57: Encargos Sociais - Grupo II: Obrigações Sociais | H57: % | I57: Valor Mensal/unidade de serviço (R$)
A58: 1 | B58: INSS (art. 22, inc. I, Lei nº 8.212/91) | H58: 0.2 | I58: =$I$46*H58 -> 449.49185
A59: 2 | B59: SESI ou SESC (art. 30, Lei nº 8.036/90) | H59: 0.015 | I59: =$I$46*H59 -> 33.711889
A60: 3 | B60: SENAI ou SENAC (Decreto-Lei nº 2.318/86) | H60: 0.01 | I60: =$I$46*H60 -> 22.474593
A61: 4 | B61: INCRA (art. 15I, Lei Complementar nº 011/71) | H61: 0.002 | I61: =$I$46*H61 -> 4.4949185
A62: 5 | B62: SALÁRIO EDUCAÇÃO (art. , inc. I, Decreto nº 87.043/82) | H62: 0.025 | I62: =$I$46*H62 -> 56.186482
A63: 6 | B63: FGTS (art. 15, Lei nº 8.036/90) | H63: 0.08 | I63: =$I$46*H63 -> 179.79674
A64: 7 | B64: SEG. ACIDENTE DO TRABALHO 1%, 2% e 3% (art. 22, inc. II, alíneas "b" e "c", da Lei nº 8.212/91) | H64: 0.03 | I64: =$I$46*H64 -> 67.423778
A65: 8 | B65: SEBRAE (§ 3º, art. 8º, Lei nº 8.029/90) | H65: 0.006 | I65: =$I$46*H65 -> 13.484756
A66: Total do Grupo II | H66: =SUM(H58:H65) -> 0.368 | I66: =SUM(I58:I65) -> 827.06501
A67: Os percentuais para o SAT podem variar de 0,50% a 6,00% em função do Fator de Acidente Previdenciário (FAP), Decreto nº 6.957/2009
A68: Deverá obrigatoriamente acompanhar a proposta de preços e a planilha de custos e formação de preços a prova do Fator Acidentário de Prevenção – FAP por meio de impressão de consulta ao site do Ministério da Previdência Social (que pode ser obtido no endereço eletrônico http://www2.dataprev.gov.br/fap/fap.htm), independentemente de alteração da alíquota da parcela do Seguro Acidente de Trabalho disposta no Quadro II da referida planilha.
A69: III | B69: Encargos Sociais - Grupo III: Tempo Não Trabalhado | H69: % | I69: Valor Mensal/unidade de serviço (R$)
A70: 1 | B70: FÉRIAS GOZADAS + ADICIONAL DE FÉRIAS | H70: 0.119314 | I70: =$I$46*H70 -> 268.15336
A71: 2 | B71: FALTAS ABONADAS (3) | H71: 0.020479 | I71: =$I$46*H71 -> 46.025718
A72: 3 | B72: FALTAS LEGAIS (4) | H72: 0.012123 | I72: =$I$46*H72 -> 27.245949
A73: 4 | B73: LICENÇA MATERNIDADE | H73: 0.011436 | I73: =$I$46*H73 -> 25.701944
A74: 5 | B74: LICENÇA PATERNIDADE | H74: 0.000174 | I74: =$I$46*H74 -> 0.39105791
A75: 6 | B75: ACIDENTE DE TRABALHO | H75: 0.000442 | I75: =$I$46*H75 -> 0.993377
A76: 7 | B76: AVISO PRÉVIO TRABALHADO | H76: 0.000185 | I76: =$I$46*H76 -> 0.41577997
A77: 8 | B77: 13º SALÁRIO | H77: 0.09079 | I77: =$I$46*H77 -> 204.04683
A78: Total do Grupo III | H78: =SUM(H70:H77) -> 0.254943 | I78: =SUM(I70:I77) -> 572.97401
A79: (3) | B79: Faltas Justificadas por Auxílio Doença
A80: (4) | B80: Faltas Legais - Art. 473 CLT
A81: IV | B81: Encargos Sociais - Grupo IV: Indenizações | H81: % | I81: Valor Mensal/unidade de serviço (R$)
A82: 1 | B82: INDENIZAÇÕES | H82: 0.048321 | I82: =$I$46*H82 -> 108.59948
A83: 2 | B83: FGTS SOBRE INDENIZAÇÕES | H83: 0.003511 | I83: =$I$46*H83 -> 7.8908295
A84: 3 | B84: INDENIZAÇÃO COMPENSATÓRIA POR DEMISSÃO SEM JUSTA CAUSA | H84: 0.019328 | I84: =$I$46*H84 -> 43.438893
A85: Total do Grupo IV | H85: =SUM(H82:H84) -> 0.07116 | I85: =SUM(I82:I84) -> 159.9292
A87: V | B87: Encargos Sociais - Grupo V: Incidências | H87: % | I87: Valor Mensal/unidade de serviço (R$)
A88: 1 | B88: INCIDÊNCIA GRUPO II (Obrigações Sociais) X GRUPO III (Tempo Não Trabalhado) | H88: =(H66*H78) -> 0.093819024 | I88: =$I$46*H88 -> 210.85444
A89: Total do Grupo V | H89: =SUM(H88:H88) -> 0.093819024 | I89: =I88 -> 210.85444
A91: TOTAL DOS ENCARGOS SOCIAIS (II + III + IV + V) | H91: =H66+H78+H85+H89 -> 0.78792202 | I91: =I66+I78+I85+I89 -> 1770.8227
A93: VI | B93: Demais custos relativos à Norma Coletiva ou Disposições Legais - Grupo VI | H93: % | I93: Valor Mensal/unidade de serviço (R$)
A94: 1 | B94: Auxílio Alimentação | H94: =I94/$I$46 -> 0.21527109 | I94: =I114 -> 483.813
A95: =A94+1 -> 2 | B95: Auxílio Lanche | H95: =I95/$I$46 -> 0 | I95: =I110 -> 0
A96: =A95+1 -> 3 | B96: Plano de Saúde | H96: =I96/$I$46 -> 0 | I96: 0
A97: =A96+1 -> 4 | B97: Vale-Transporte⁽⁵⁾ | H97: =I97/$I$46 -> 0.060904491 | I97: =I106 -> 136.88036
A98: =A97+1 -> 5 | B98: Adicional Intervalar | H98: =I98/$I$46 -> 0 | I98: =IF(I28="Não aplicável",0,((I10/H10)*1.5*I28)) -> 0
A99: 6 | B99: Prêmio Assiduidade (quando houver) | H99: =I99/$I$46 -> 0.035595751 | I99: =IF(I21="Não aplicável",0,I21) -> 80
A100: 7 | B100: Plano de Benefício Social Familiar (apenas para a CCT SEEAC/SINDASSEIO) | H100: =I100/$I$46 -> 0.011355044 | I100: =IF(I22="Não aplicável",0,I22) -> 25.52
A101: 8 | B101: Outros | H101: =I101/$I$46 -> 0 | I101: =IF(I23="Não aplicável",0,I23) -> 0
A102: Total do Grupo VI | H102: =SUM(H94:H101) -> 0.32312637 | I102: =SUM(I94:I101) -> 726.21336
A103: (5) | B103: O valor do vale-transporte pode variar de acordo com o modal fornecido pelo empregador.
A104: MEMÓRIA DE CÁLCULO DO VALE TRANSPORTE
A105: Valor Unitário | C105: Dias de Trabalho | D105: Vale p/dia | E105: Custo total | F105: Base de cálculo | G105: Percentual de desconto | H105: Valor desconto | I105: Custo efetivo
A106: =IF(I12="Não aplicável",0,I12) -> 5.3 | C106: =IF(I13="Não aplicável",0,I13) -> 22 | D106: 2 | E106: =A106*C106*D106 -> 233.2 | F106: =I38 -> 1605.3273 | G106: =IF(I14="Não aplicável",0,I14) -> 0.06 | H106: =F106*G106 -> 96.319636 | I106: =IF((E106-H106)>0,E106-H106,0) -> 136.88036
A108: MEMÓRIA DE CÁLCULO DO VALE LANCHE
A109: Valor Unitário | C109: Dias por mês | D109: Vale p/dia | E109: Custo total | F109: Base de cálculo | G109: Percentual de desconto | H109: Valor desconto | I109: Custo efetivo
A110: =IF(I18="Não aplicável",0,I18) -> 0 | C110: =IF(I19="Não aplicável",0,I19) -> 0 | D110: 1 | E110: =A110*C110*D110 -> 0 | F110: =E110 -> 0 | G110: =IF(I20="Não aplicável",0,I20) -> 0 | H110: =F110*G110 -> 0 | I110: =E110-H110 -> 0
A112: MEMÓRIA DE CÁLCULO DO | F112: =A15 -> Auxílio Alimentação
A113: Valor Unitário | C113: Dias por mês | D113: Vale p/dia | E113: Custo total | F113: Base de cálculo | G113: Percentual de desconto | H113: =H105 -> Valor desconto | I113: Custo efetivo
A114: =IF(I15="Não aplicável",0,I15) -> 27.15 | C114: =IF(I16="Não aplicável",0,I16) -> 22 | D114: 1 | E114: =A114*C114*D114 -> 597.3 | F114: =E114 -> 597.3 | G114: =IF(I17="Não aplicável",0,I17) -> 0.19 | H114: =F114*G114 -> 113.487 | I114: =E114-H114 -> 483.813
A116: TOTAL DO MONTANTE A (I + II + III+ IV + V +VI) | H116: =H46+H91+H102 -> 2.1110484 | I116: =I46+I91+I102 -> 4744.4953
A118: MONTANTE B
A119: I | B119: Despesas Diretas | H119: % | I119: Valor Mensal/unidade de serviço (R$)
A120: 1 | B120: Transporte (6) | H120: =I120/$I$132 -> 0 | I120: 0
A121: 2 | B121: Uniformes/EPI (6a) | H121: =I121/$I$132 -> 0 | I121: =IF(F130=10%,G130,0) -> 0
A122: 3 | B122: Seguro de vida | H122: =I122/$I$132 -> 0 | I122: 0
A123: 4 | B123: Materiais/Equipamentos (7) | H123: =I123/$I$132 -> 0 | I123: 0
...

Sheet Aux. Limpeza (02 ELDORADO)
A1: PLANILHA DE CUSTOS E FORMAÇÃO DE PREÇOS DE SERVIÇOS CONTINUADOS COM DEDICAÇÃO EXCLUSIVA DE MÃO DE OBRA (ANEXO III - DECRETO 52.768 de 15.12.2015)
A2: PROCESSO: | C2: 25/1500-0029436-4 | E2: REGIME DE TRIBUTAÇÃO: LUCRO REAL
A3: LICITAÇÃO/EDITAL | E3: ABERTURA:
A5: Cargo/Função: | D5: Aux. De Limpeza | G5: =IF(D6="12x36","Regime de trabalho:","Quantidade de HORAS/MÊS") -> Quantidade de HORAS/MÊS | I5: 200
A6: =IF(D6="12x36","Regime de trabalho:","Regime de trabalho (horas semanais):") -> Regime de trabalho (horas semanais): | D6: 40
A7: Convenção Coletiva de Trabalho: | D7: RS000041/2026 | G7: INSALUBRIDADE (10%, 20%, 40%) | I7: 0.4
A8: Origem do salário: | D8: CCT
A9: Cidade: | D9: Eldorado do Sul | G9: PERICULOSIDADE (30%) | I9: Não aplicável
A10: Salário Normativo | G10: Vlr. do salário e nº de horas correspondentes | H10: 220 | I10: 1765.86
A11: ISS | G11: =D9 -> Eldorado do Sul | H11: Alíquota | I11: 0.05
A12: Tarifa Transporte | G12: CCT | H12: Vr. Unitário | I12: 4.3
H13: Dias | I13: 22
H14: Desconto | I14: 0.06
A15: Auxílio Alimentação | G15: CCT | H15: Vr. Unitário | I15: 27.15
H16: Dias | I16: 22
H17: Desconto | I17: 0.19
A18: Auxílio Lanche | G18: CCT | H18: Vr. Unitário | I18: 0
H19: Dias | I19: 0
H20: Desconto | I20: 0
A21: Prêmio Assiduidade / Cesta Básica (quando houver) | G21: CCT | H21: Valor mensal | I21: 80
A22: Plano de Benefício Social Familiar (apenas para a CCT SEEAC/SINDASSEIO) | G22: CCT | H22: Valor mensal | I22: 25.52
A23: Outros benefícios que refletem na planilha de custos, caso constem na CCT. | G23: CCT | H23: Valor mensal | I23: Não aplicável
A24: Adicional de Supervisor (37%) | H24: Porcentagem | I24: Não aplicável
A25: Base de cálculo da insalubridade | H25: Valor | I25: 1605.33
A26: Quantitativo de horas trabalhadas em feriados no mês (estimado) - Não aplicável para postos 12x36 | H26: Horas por mês | I26: Não aplicável
H27: Acréscimo da hora extra | I27: Não aplicável
A28: Hora Intervalar (somente para postos 12x36, quando for o caso) | H28: Horas por mês | I28: Não aplicável
A29: Sem fornecimento de materiais ou apenas fornecimento de EPIs ou uniformes, utilizar 10%. Com fornecimento de materiais ou equipamentos, utilizar 20%. (Decreto 52.768/2015, alterado pelo Decreto 53.424/2017) | H29: Porcentagem | I29: 0.2
I30: Não aplicável
A36: MONTANTE A
A37: I | B37: Remuneração - Grupo I | H37: % | I37: Valor Mensal/unidade de serviço (R$)
A38: 1 | B38: Salário | H38: =I38/$I$46 -> 0.71428537 | I38: =IF(D6="12x36",I10,I10/H10*I5) -> 1605.3273
A39: =A38+1 -> 2 | B39: Adicional Periculosidade 30% (Ver súmulas 364, 132 e 191 do TST) | H39: =I39/$I$46 -> 0 | I39: =IF(I9=30%,I38*I9,0) -> 0
A40: =A39+1 -> 3 | B40: Adicional Insalubridade 10% (Ver súmula 228 e 139 TST) | H40: =I40/$I$46 -> 0 | I40: =IF(I7=10%,I25*I7,0) -> 0
A41: =A40+1 -> 4 | B41: Adicional Insalubridade 20% (Ver súmula 228 e 139 TST) | H41: =I41/$I$46 -> 0 | I41: =IF(I7=20%,I25*I7,0) -> 0
A42: =A41+1 -> 5 | B42: Adicional Insalubridade 40% (Ver súmula 228 e 139 TST) | H42: =I42/$I$46 -> 0.28571463 | I42: =IF(I7=40%,I25*I7,0) -> 642.132
A43: =A42+1 -> 6 | B43: Adicional de Supervisor (IN 05/2017 MPOG SLTI) | H43: =I43/$I$46 -> 0 | I43: =IF(I24="Não aplicável",0,I38*I24) -> 0
A44: =A43+1 -> 7 | B44: Feriados | H44: =I44/$I$46 -> 0 | I44: =IF(I26="Não aplicável",0,(I38+I39+I40+I41+I42+I43)/I5*I26*(1+I27)) -> 0
A45: =A44+1 -> 8 | B45: DSR = número total das horas extras do mês / número de dias úteis X domingos e feriados do mês X valor da hora extra com acréscimo | H45: =I45/$I$46 -> 0 | I45: =IF(I26="Não aplicável",0,I26/I13*5*(I10/H10*(1+I27))) -> 0
A46: Total de Remuneração | H46: =SUM(H38:H45) -> 1 | I46: =SUM(I38:I45) -> 2247.4593
A57: II | B57: Encargos Sociais - Grupo II: Obrigações Sociais | H57: % | I57: Valor Mensal/unidade de serviço (R$)
A58: 1 | B58: INSS (art. 22, inc. I, Lei nº 8.212/91) | H58: 0.2 | I58: =$I$46*H58 -> 449.49185
A59: 2 | B59: SESI ou SESC (art. 30, Lei nº 8.036/90) | H59: 0.015 | I59: =$I$46*H59 -> 33.711889
A60: 3 | B60: SENAI ou SENAC (Decreto-Lei nº 2.318/86) | H60: 0.01 | I60: =$I$46*H60 -> 22.474593
A61: 4 | B61: INCRA (art. 15I, Lei Complementar nº 011/71) | H61: 0.002 | I61: =$I$46*H61 -> 4.4949185
A62: 5 | B62: SALÁRIO EDUCAÇÃO (art. , inc. I, Decreto nº 87.043/82) | H62: 0.025 | I62: =$I$46*H62 -> 56.186482
A63: 6 | B63: FGTS (art. 15, Lei nº 8.036/90) | H63: 0.08 | I63: =$I$46*H63 -> 179.79674
A64: 7 | B64: SEG. ACIDENTE DO TRABALHO 1%, 2% e 3% (art. 22, inc. II, alíneas "b" e "c", da Lei nº 8.212/91) | H64: 0.03 | I64: =$I$46*H64 -> 67.423778
A65: 8 | B65: SEBRAE (§ 3º, art. 8º, Lei nº 8.029/90) | H65: 0.006 | I65: =$I$46*H65 -> 13.484756
A66: Total do Grupo II | H66: =SUM(H58:H65) -> 0.368 | I66: =SUM(I58:I65) -> 827.06501
A67: Os percentuais para o SAT podem variar de 0,50% a 6,00% em função do Fator de Acidente Previdenciário (FAP), Decreto nº 6.957/2009
A68: Deverá obrigatoriamente acompanhar a proposta de preços e a planilha de custos e formação de preços a prova do Fator Acidentário de Prevenção – FAP por meio de impressão de consulta ao site do Ministério da Previdência Social (que pode ser obtido no endereço eletrônico http://www2.dataprev.gov.br/fap/fap.htm), independentemente de alteração da alíquota da parcela do Seguro Acidente de Trabalho disposta no Quadro II da referida planilha.
A69: III | B69: Encargos Sociais - Grupo III: Tempo Não Trabalhado | H69: % | I69: Valor Mensal/unidade de serviço (R$)
A70: 1 | B70: FÉRIAS GOZADAS + ADICIONAL DE FÉRIAS | H70: 0.119314 | I70: =$I$46*H70 -> 268.15336
A71: 2 | B71: FALTAS ABONADAS (3) | H71: 0.020479 | I71: =$I$46*H71 -> 46.025718
A72: 3 | B72: FALTAS LEGAIS (4) | H72: 0.012123 | I72: =$I$46*H72 -> 27.245949
A73: 4 | B73: LICENÇA MATERNIDADE | H73: 0.011436 | I73: =$I$46*H73 -> 25.701944
A74: 5 | B74: LICENÇA PATERNIDADE | H74: 0.000174 | I74: =$I$46*H74 -> 0.39105791
A75: 6 | B75: ACIDENTE DE TRABALHO | H75: 0.000442 | I75: =$I$46*H75 -> 0.993377
A76: 7 | B76: AVISO PRÉVIO TRABALHADO | H76: 0.000185 | I76: =$I$46*H76 -> 0.41577997
A77: 8 | B77: 13º SALÁRIO | H77: 0.09079 | I77: =$I$46*H77 -> 204.04683
A78: Total do Grupo III | H78: =SUM(H70:H77) -> 0.254943 | I78: =SUM(I70:I77) -> 572.97401
A79: (3) | B79: Faltas Justificadas por Auxílio Doença
A80: (4) | B80: Faltas Legais - Art. 473 CLT
A81: IV | B81: Encargos Sociais - Grupo IV: Indenizações | H81: % | I81: Valor Mensal/unidade de serviço (R$)
A82: 1 | B82: INDENIZAÇÕES | H82: 0.048321 | I82: =$I$46*H82 -> 108.59948
A83: 2 | B83: FGTS SOBRE INDENIZAÇÕES | H83: 0.003511 | I83: =$I$46*H83 -> 7.8908295
A84: 3 | B84: INDENIZAÇÃO COMPENSATÓRIA POR DEMISSÃO SEM JUSTA CAUSA | H84: 0.019328 | I84: =$I$46*H84 -> 43.438893
A85: Total do Grupo IV | H85: =SUM(H82:H84) -> 0.07116 | I85: =SUM(I82:I84) -> 159.9292
A87: V | B87: Encargos Sociais - Grupo V: Incidências | H87: % | I87: Valor Mensal/unidade de serviço (R$)
A88: 1 | B88: INCIDÊNCIA GRUPO II (Obrigações Sociais) X GRUPO III (Tempo Não Trabalhado) | H88: =(H66*H78) -> 0.093819024 | I88: =$I$46*H88 -> 210.85444
A89: Total do Grupo V | H89: =SUM(H88:H88) -> 0.093819024 | I89: =I88 -> 210.85444
A91: TOTAL DOS ENCARGOS SOCIAIS (II + III + IV + V) | H91: =H66+H78+H85+H89 -> 0.78792202 | I91: =I66+I78+I85+I89 -> 1770.8227
A93: VI | B93: Demais custos relativos à Norma Coletiva ou Disposições Legais - Grupo VI | H93: % | I93: Valor Mensal/unidade de serviço (R$)
A94: 1 | B94: Auxílio Alimentação | H94: =I94/$I$46 -> 0.21527109 | I94: =I114 -> 483.813
A95: =A94+1 -> 2 | B95: Auxílio Lanche | H95: =I95/$I$46 -> 0 | I95: =I110 -> 0
A96: =A95+1 -> 3 | B96: Plano de Saúde | H96: =I96/$I$46 -> 0 | I96: 0
A97: =A96+1 -> 4 | B97: Vale-Transporte⁽⁵⁾ | H97: =I97/$I$46 -> 0.041326828 | I97: =I106 -> 92.880364
A98: =A97+1 -> 5 | B98: Adicional Intervalar | H98: =I98/$I$46 -> 0 | I98: =IF(I28="Não aplicável",0,((I10/H10)*1.5*I28)) -> 0
A99: 6 | B99: Prêmio Assiduidade (quando houver) | H99: =I99/$I$46 -> 0.035595751 | I99: =IF(I21="Não aplicável",0,I21) -> 80
A100: 7 | B100: Plano de Benefício Social Familiar (apenas para a CCT SEEAC/SINDASSEIO) | H100: =I100/$I$46 -> 0.011355044 | I100: =IF(I22="Não aplicável",0,I22) -> 25.52
A101: 8 | B101: Outros | H101: =I101/$I$46 -> 0 | I101: =IF(I23="Não aplicável",0,I23) -> 0
A102: Total do Grupo VI | H102: =SUM(H94:H101) -> 0.30354871 | I102: =SUM(I94:I101) -> 682.21336
A103: (5) | B103: O valor do vale-transporte pode variar de acordo com o modal fornecido pelo empregador.
A104: MEMÓRIA DE CÁLCULO DO VALE TRANSPORTE
A105: Valor Unitário | C105: Dias de Trabalho | D105: Vale p/dia | E105: Custo total | F105: Base de cálculo | G105: Percentual de desconto | H105: Valor desconto | I105: Custo efetivo
A106: =IF(I12="Não aplicável",0,I12) -> 4.3 | C106: =IF(I13="Não aplicável",0,I13) -> 22 | D106: 2 | E106: =A106*C106*D106 -> 189.2 | F106: =I38 -> 1605.3273 | G106: =IF(I14="Não aplicável",0,I14) -> 0.06 | H106: =F106*G106 -> 96.319636 | I106: =IF((E106-H106)>0,E106-H106,0) -> 92.880364
A108: MEMÓRIA DE CÁLCULO DO VALE LANCHE
A109: Valor Unitário | C109: Dias por mês | D109: Vale p/dia | E109: Custo total | F109: Base de cálculo | G109: Percentual de desconto | H109: Valor desconto | I109: Custo efetivo
A110: =IF(I18="Não aplicável",0,I18) -> 0 | C110: =IF(I19="Não aplicável",0,I19) -> 0 | D110: 1 | E110: =A110*C110*D110 -> 0 | F110: =E110 -> 0 | G110: =IF(I20="Não aplicável",0,I20) -> 0 | H110: =F110*G110 -> 0 | I110: =E110-H110 -> 0
A112: MEMÓRIA DE CÁLCULO DO | F112: =A15 -> Auxílio Alimentação
A113: Valor Unitário | C113: Dias por mês | D113: Vale p/dia | E113: Custo total | F113: Base de cálculo | G113: Percentual de desconto | H113: =H105 -> Valor desconto | I113: Custo efetivo
A114: =IF(I15="Não aplicável",0,I15) -> 27.15 | C114: =IF(I16="Não aplicável",0,I16) -> 22 | D114: 1 | E114: =A114*C114*D114 -> 597.3 | F114: =E114 -> 597.3 | G114: =IF(I17="Não aplicável",0,I17) -> 0.19 | H114: =F114*G114 -> 113.487 | I114: =E114-H114 -> 483.813
A116: TOTAL DO MONTANTE A (I + II + III+ IV + V +VI) | H116: =H46+H91+H102 -> 2.0914707 | I116: =I46+I91+I102 -> 4700.4953
A118: MONTANTE B
A119: I | B119: Despesas Diretas | H119: % | I119: Valor Mensal/unidade de serviço (R$)
A120: 1 | B120: Transporte (6) | H120: =I120/$I$132 -> 0 | I120: 0
A121: 2 | B121: Uniformes/EPI (6a) | H121: =I121/$I$132 -> 0 | I121: =IF(F130=10%,G130,0) -> 0
A122: 3 | B122: Seguro de vida | H122: =I122/$I$132 -> 0 | I122: 0
A123: 4 | B123: Materiais/Equipamentos (7) | H123: =I123/$I$132 -> 0 | I123: 0
...

Sheet Copeira (02 POA)
A1: PLANILHA DE CUSTOS E FORMAÇÃO DE PREÇOS DE SERVIÇOS CONTINUADOS COM DEDICAÇÃO EXCLUSIVA DE MÃO DE OBRA (ANEXO III - DECRETO 52.768 de 15.12.2015)
A2: PROCESSO: | C2: 25/1500-0029436-4 | E2: REGIME DE TRIBUTAÇÃO: LUCRO REAL
A3: LICITAÇÃO/EDITAL | E3: ABERTURA:
A5: Cargo/Função: | D5: Copeira | G5: =IF(D6="12x36","Regime de trabalho:","Quantidade de HORAS/MÊS") -> Quantidade de HORAS/MÊS | I5: 200
A6: =IF(D6="12x36","Regime de trabalho:","Regime de trabalho (horas semanais):") -> Regime de trabalho (horas semanais): | D6: 40
A7: Convenção Coletiva de Trabalho: | D7: RS000041/2026 | G7: INSALUBRIDADE (10%, 20%, 40%) | I7: 0.2
A8: Origem do salário: | D8: CCT
A9: Cidade: | D9: Porto Alegre | G9: PERICULOSIDADE (30%) | I9: Não aplicável
A10: Salário Normativo | G10: Vlr. do salário e nº de horas correspondentes | H10: 220 | I10: 1765.86
A11: ISS | G11: =D9 -> Porto Alegre | H11: Alíquota | I11: 0.05
A12: Tarifa Transporte | G12: CCT | H12: Vr. Unitário | I12: 5.3
H13: Dias | I13: 22
H14: Desconto | I14: 0.06
A15: Auxílio Alimentação | G15: CCT | H15: Vr. Unitário | I15: 27.15
H16: Dias | I16: 22
H17: Desconto | I17: 0.19
A18: Auxílio Lanche | G18: CCT | H18: Vr. Unitário | I18: 0
H19: Dias | I19: 0
H20: Desconto | I20: 0
A21: Prêmio Assiduidade / Cesta Básica (quando houver) | G21: CCT | H21: Valor mensal | I21: 80
A22: Plano de Benefício Social Familiar (apenas para a CCT SEEAC/SINDASSEIO) | G22: CCT | H22: Valor mensal | I22: 25.52
A23: Outros benefícios que refletem na planilha de custos, caso constem na CCT. | G23: CCT | H23: Valor mensal | I23: Não aplicável
A24: Adicional de Supervisor (37%) | H24: Porcentagem | I24: Não aplicável
A25: Base de cálculo da insalubridade | H25: Valor | I25: 1605.33
A26: Quantitativo de horas trabalhadas em feriados no mês (estimado) - Não aplicável para postos 12x36 | H26: Horas por mês | I26: Não aplicável
H27: Acréscimo da hora extra | I27: Não aplicável
A28: Hora Intervalar (somente para postos 12x36, quando for o caso) | H28: Horas por mês | I28: Não aplicável
A29: Sem fornecimento de materiais ou apenas fornecimento de EPIs ou uniformes, utilizar 10%. Com fornecimento de materiais ou equipamentos, utilizar 20%. (Decreto 52.768/2015, alterado pelo Decreto 53.424/2017) | H29: Porcentagem | I29: 0.1
I30: Não aplicável
A36: MONTANTE A
A37: I | B37: Remuneração - Grupo I | H37: % | I37: Valor Mensal/unidade de serviço (R$)
A38: 1 | B38: Salário | H38: =I38/$I$46 -> 0.8333331 | I38: =IF(D6="12x36",I10,I10/H10*I5) -> 1605.3273
A39: =A38+1 -> 2 | B39: Adicional Periculosidade 30% (Ver súmulas 364, 132 e 191 do TST) | H39: =I39/$I$46 -> 0 | I39: =IF(I9=30%,I38*I9,0) -> 0
A40: =A39+1 -> 3 | B40: Adicional Insalubridade 10% (Ver súmula 228 e 139 TST) | H40: =I40/$I$46 -> 0 | I40: =IF(I7=10%,I25*I7,0) -> 0
A41: =A40+1 -> 4 | B41: Adicional Insalubridade 20% (Ver súmula 228 e 139 TST) | H41: =I41/$I$46 -> 0.1666669 | I41: =IF(I7=20%,I25*I7,0) -> 321.066
A42: =A41+1 -> 5 | B42: Adicional Insalubridade 40% (Ver súmula 228 e 139 TST) | H42: =I42/$I$46 -> 0 | I42: =IF(I7=40%,I25*I7,0) -> 0
A43: =A42+1 -> 6 | B43: Adicional de Supervisor (IN 05/2017 MPOG SLTI) | H43: =I43/$I$46 -> 0 | I43: =IF(I24="Não aplicável",0,I38*I24) -> 0
A44: =A43+1 -> 7 | B44: Feriados | H44: =I44/$I$46 -> 0 | I44: =IF(I26="Não aplicável",0,(I38+I39+I40+I41+I42+I43)/I5*I26*(1+I27)) -> 0
A45: =A44+1 -> 8 | B45: DSR = número total das horas extras do mês / número de dias úteis X domingos e feriados do mês X valor da hora extra com acréscimo | H45: =I45/$I$46 -> 0 | I45: =IF(I26="Não aplicável",0,I26/I13*5*(I10/H10*(1+I27))) -> 0
A46: Total de Remuneração | H46: =SUM(H38:H45) -> 1 | I46: =SUM(I38:I45) -> 1926.3933
A57: II | B57: Encargos Sociais - Grupo II: Obrigações Sociais | H57: % | I57: Valor Mensal/unidade de serviço (R$)
A58: 1 | B58: INSS (art. 22, inc. I, Lei nº 8.212/91) | H58: 0.2 | I58: =$I$46*H58 -> 385.27865
A59: 2 | B59: SESI ou SESC (art. 30, Lei nº 8.036/90) | H59: 0.015 | I59: =$I$46*H59 -> 28.895899
A60: 3 | B60: SENAI ou SENAC (Decreto-Lei nº 2.318/86) | H60: 0.01 | I60: =$I$46*H60 -> 19.263933
A61: 4 | B61: INCRA (art. 15I, Lei Complementar nº 011/71) | H61: 0.002 | I61: =$I$46*H61 -> 3.8527865
A62: 5 | B62: SALÁRIO EDUCAÇÃO (art. , inc. I, Decreto nº 87.043/82) | H62: 0.025 | I62: =$I$46*H62 -> 48.159832
A63: 6 | B63: FGTS (art. 15, Lei nº 8.036/90) | H63: 0.08 | I63: =$I$46*H63 -> 154.11146
A64: 7 | B64: SEG. ACIDENTE DO TRABALHO 1%, 2% e 3% (art. 22, inc. II, alíneas "b" e "c", da Lei nº 8.212/91) | H64: 0.03 | I64: =$I$46*H64 -> 57.791798
A65: 8 | B65: SEBRAE (§ 3º, art. 8º, Lei nº 8.029/90) | H65: 0.006 | I65: =$I$46*H65 -> 11.55836
A66: Total do Grupo II | H66: =SUM(H58:H65) -> 0.368 | I66: =SUM(I58:I65) -> 708.91272
A67: Os percentuais para o SAT podem variar de 0,50% a 6,00% em função do Fator de Acidente Previdenciário (FAP), Decreto nº 6.957/2009
A68: Deverá obrigatoriamente acompanhar a proposta de preços e a planilha de custos e formação de preços a prova do Fator Acidentário de Prevenção – FAP por meio de impressão de consulta ao site do Ministério da Previdência Social (que pode ser obtido no endereço eletrônico http://www2.dataprev.gov.br/fap/fap.htm), independentemente de alteração da alíquota da parcela do Seguro Acidente de Trabalho disposta no Quadro II da referida planilha.
A69: III | B69: Encargos Sociais - Grupo III: Tempo Não Trabalhado | H69: % | I69: Valor Mensal/unidade de serviço (R$)
A70: 1 | B70: FÉRIAS GOZADAS + ADICIONAL DE FÉRIAS | H70: 0.119314 | I70: =$I$46*H70 -> 229.84569
A71: 2 | B71: FALTAS ABONADAS (3) | H71: 0.020479 | I71: =$I$46*H71 -> 39.450608
A72: 3 | B72: FALTAS LEGAIS (4) | H72: 0.012123 | I72: =$I$46*H72 -> 23.353666
A73: 4 | B73: LICENÇA MATERNIDADE | H73: 0.011436 | I73: =$I$46*H73 -> 22.030233
A74: 5 | B74: LICENÇA PATERNIDADE | H74: 0.000174 | I74: =$I$46*H74 -> 0.33519243
A75: 6 | B75: ACIDENTE DE TRABALHO | H75: 0.000442 | I75: =$I$46*H75 -> 0.85146583
A76: 7 | B76: AVISO PRÉVIO TRABALHADO | H76: 0.000185 | I76: =$I$46*H76 -> 0.35638276
A77: 8 | B77: 13º SALÁRIO | H77: 0.09079 | I77: =$I$46*H77 -> 174.89725
A78: Total do Grupo III | H78: =SUM(H70:H77) -> 0.254943 | I78: =SUM(I70:I77) -> 491.12048
A79: (3) | B79: Faltas Justificadas por Auxílio Doença
A80: (4) | B80: Faltas Legais - Art. 473 CLT
A81: IV | B81: Encargos Sociais - Grupo IV: Indenizações | H81: % | I81: Valor Mensal/unidade de serviço (R$)
A82: 1 | B82: INDENIZAÇÕES | H82: 0.048321 | I82: =$I$46*H82 -> 93.085249
A83: 2 | B83: FGTS SOBRE INDENIZAÇÕES | H83: 0.003511 | I83: =$I$46*H83 -> 6.7635668
A84: 3 | B84: INDENIZAÇÃO COMPENSATÓRIA POR DEMISSÃO SEM JUSTA CAUSA | H84: 0.019328 | I84: =$I$46*H84 -> 37.233329
A85: Total do Grupo IV | H85: =SUM(H82:H84) -> 0.07116 | I85: =SUM(I82:I84) -> 137.08215
A87: V | B87: Encargos Sociais - Grupo V: Incidências | H87: % | I87: Valor Mensal/unidade de serviço (R$)
A88: 1 | B88: INCIDÊNCIA GRUPO II (Obrigações Sociais) X GRUPO III (Tempo Não Trabalhado) | H88: =(H66*H78) -> 0.093819024 | I88: =$I$46*H88 -> 180.73234
A89: Total do Grupo V | H89: =SUM(H88:H88) -> 0.093819024 | I89: =I88 -> 180.73234
A91: TOTAL DOS ENCARGOS SOCIAIS (II + III + IV + V) | H91: =H66+H78+H85+H89 -> 0.78792202 | I91: =I66+I78+I85+I89 -> 1517.8477
A93: VI | B93: Demais custos relativos à Norma Coletiva ou Disposições Legais - Grupo VI | H93: % | I93: Valor Mensal/unidade de serviço (R$)
A94: 1 | B94: Auxílio Alimentação | H94: =I94/$I$46 -> 0.25114965 | I94: =I114 -> 483.813
A95: =A94+1 -> 2 | B95: Auxílio Lanche | H95: =I95/$I$46 -> 0 | I95: =I110 -> 0
A96: =A95+1 -> 3 | B96: Plano de Saúde | H96: =I96/$I$46 -> 0 | I96: 0
A97: =A96+1 -> 4 | B97: Vale-Transporte⁽⁵⁾ | H97: =I97/$I$46 -> 0.071055254 | I97: =I106 -> 136.88036
A98: =A97+1 -> 5 | B98: Adicional Intervalar | H98: =I98/$I$46 -> 0 | I98: =IF(I28="Não aplicável",0,((I10/H10)*1.5*I28)) -> 0
A99: 6 | B99: Prêmio Assiduidade (quando houver) | H99: =I99/$I$46 -> 0.041528384 | I99: =IF(I21="Não aplicável",0,I21) -> 80
A100: 7 | B100: Plano de Benefício Social Familiar (apenas para a CCT SEEAC/SINDASSEIO) | H100: =I100/$I$46 -> 0.013247555 | I100: =IF(I22="Não aplicável",0,I22) -> 25.52
A101: 8 | B101: Outros | H101: =I101/$I$46 -> 0 | I101: =IF(I23="Não aplicável",0,I23) -> 0
A102: Total do Grupo VI | H102: =SUM(H94:H101) -> 0.37698084 | I102: =SUM(I94:I101) -> 726.21336
A103: (5) | B103: O valor do vale-transporte pode variar de acordo com o modal fornecido pelo empregador.
A104: MEMÓRIA DE CÁLCULO DO VALE TRANSPORTE
A105: Valor Unitário | C105: Dias de Trabalho | D105: Vale p/dia | E105: Custo total | F105: Base de cálculo | G105: Percentual de desconto | H105: Valor desconto | I105: Custo efetivo
A106: =IF(I12="Não aplicável",0,I12) -> 5.3 | C106: =IF(I13="Não aplicável",0,I13) -> 22 | D106: 2 | E106: =A106*C106*D106 -> 233.2 | F106: =I38 -> 1605.3273 | G106: =IF(I14="Não aplicável",0,I14) -> 0.06 | H106: =F106*G106 -> 96.319636 | I106: =IF((E106-H106)>0,E106-H106,0) -> 136.88036
A108: MEMÓRIA DE CÁLCULO DO VALE LANCHE
A109: Valor Unitário | C109: Dias por mês | D109: Vale p/dia | E109: Custo total | F109: Base de cálculo | G109: Percentual de desconto | H109: Valor desconto | I109: Custo efetivo
A110: =IF(I18="Não aplicável",0,I18) -> 0 | C110: =IF(I19="Não aplicável",0,I19) -> 0 | D110: 1 | E110: =A110*C110*D110 -> 0 | F110: =E110 -> 0 | G110: =IF(I20="Não aplicável",0,I20) -> 0 | H110: =F110*G110 -> 0 | I110: =E110-H110 -> 0
A112: MEMÓRIA DE CÁLCULO DO | F112: =A15 -> Auxílio Alimentação
A113: Valor Unitário | C113: Dias por mês | D113: Vale p/dia | E113: Custo total | F113: Base de cálculo | G113: Percentual de desconto | H113: =H105 -> Valor desconto | I113: Custo efetivo
A114: =IF(I15="Não aplicável",0,I15) -> 27.15 | C114: =IF(I16="Não aplicável",0,I16) -> 22 | D114: 1 | E114: =A114*C114*D114 -> 597.3 | F114: =E114 -> 597.3 | G114: =IF(I17="Não aplicável",0,I17) -> 0.19 | H114: =F114*G114 -> 113.487 | I114: =E114-H114 -> 483.813
A116: TOTAL DO MONTANTE A (I + II + III+ IV + V +VI) | H116: =H46+H91+H102 -> 2.1649029 | I116: =I46+I91+I102 -> 4170.4543
A118: MONTANTE B
A119: I | B119: Despesas Diretas | H119: % | I119: Valor Mensal/unidade de serviço (R$)
A120: 1 | B120: Transporte (6) | H120: =I120/$I$132 -> 0 | I120: 0
A121: 2 | B121: Uniformes/EPI (6a) | H121: =I121/$I$132 -> 0.1 | I121: =IF(F130=10%,G130,0) -> 403.3574
A122: 3 | B122: Seguro de vida | H122: =I122/$I$132 -> 0 | I122: 0
A123: 4 | B123: Materiais/Equipamentos (7) | H123: =I123/$I$132 -> 0 | I123: 0
...

Sheet Recepcionista (02 POA)
A1: PLANILHA DE CUSTOS E FORMAÇÃO DE PREÇOS DE SERVIÇOS CONTINUADOS COM DEDICAÇÃO EXCLUSIVA DE MÃO DE OBRA (ANEXO III - DECRETO 52.768 de 15.12.2015)
A2: PROCESSO: | C2: 25/1500-0029436-4 | E2: REGIME DE TRIBUTAÇÃO: LUCRO REAL
A3: LICITAÇÃO/EDITAL | E3: ABERTURA:
A5: Cargo/Função: | D5: Recepcionista | G5: =IF(D6="12x36","Regime de trabalho:","Quantidade de HORAS/MÊS") -> Quantidade de HORAS/MÊS | I5: 200
A6: =IF(D6="12x36","Regime de trabalho:","Regime de trabalho (horas semanais):") -> Regime de trabalho (horas semanais): | D6: 40
A7: Convenção Coletiva de Trabalho: | D7: RS000041/2026 | G7: INSALUBRIDADE (10%, 20%, 40%) | I7: Não aplicável
A8: Origem do salário: | D8: CCT
A9: Cidade: | D9: Porto Alegre | G9: PERICULOSIDADE (30%) | I9: Não aplicável
A10: Salário Normativo | G10: Vlr. do salário e nº de horas correspondentes | H10: 220 | I10: 1996.44
A11: ISS | G11: =D9 -> Porto Alegre | H11: Alíquota | I11: 0.025
A12: Tarifa Transporte | G12: CCT | H12: Vr. Unitário | I12: 5.3
H13: Dias | I13: 22
H14: Desconto | I14: 0.06
A15: Auxílio Alimentação | G15: CCT | H15: Vr. Unitário | I15: 27.15
H16: Dias | I16: 22
H17: Desconto | I17: 0.19
A18: Auxílio Lanche | G18: CCT | H18: Vr. Unitário | I18: 0
H19: Dias | I19: 0
H20: Desconto | I20: 0
A21: Prêmio Assiduidade / Cesta Básica (quando houver) | G21: CCT | H21: Valor mensal | I21: 80
A22: Plano de Benefício Social Familiar (apenas para a CCT SEEAC/SINDASSEIO) | G22: CCT | H22: Valor mensal | I22: 25.52
A23: Outros benefícios que refletem na planilha de custos, caso constem na CCT. | G23: CCT | H23: Valor mensal | I23: Não aplicável
A24: Adicional de Supervisor (37%) | H24: Porcentagem | I24: Não aplicável
A25: Base de cálculo da insalubridade | H25: Valor | I25: Não aplicável
A26: Quantitativo de horas trabalhadas em feriados no mês (estimado) - Não aplicável para postos 12x36 | H26: Horas por mês | I26: Não aplicável
H27: Acréscimo da hora extra | I27: Não aplicável
A28: Hora Intervalar (somente para postos 12x36, quando for o caso) | H28: Horas por mês | I28: Não aplicável
A29: Sem fornecimento de materiais ou apenas fornecimento de EPIs ou uniformes, utilizar 10%. Com fornecimento de materiais ou equipamentos, utilizar 20%. (Decreto 52.768/2015, alterado pelo Decreto 53.424/2017) | H29: Porcentagem | I29: 0.1
I30: Não aplicável
A36: MONTANTE A
A37: I | B37: Remuneração - Grupo I | H37: % | I37: Valor Mensal/unidade de serviço (R$)
A38: 1 | B38: Salário | H38: =I38/$I$46 -> 1 | I38: =IF(D6="12x36",I10,I10/H10*I5) -> 1814.9455
A39: =A38+1 -> 2 | B39: Adicional Periculosidade 30% (Ver súmulas 364, 132 e 191 do TST) | H39: =I39/$I$46 -> 0 | I39: =IF(I9=30%,I38*I9,0) -> 0
A40: =A39+1 -> 3 | B40: Adicional Insalubridade 10% (Ver súmula 228 e 139 TST) | H40: =I40/$I$46 -> 0 | I40: =IF(I7=10%,I25*I7,0) -> 0
A41: =A40+1 -> 4 | B41: Adicional Insalubridade 20% (Ver súmula 228 e 139 TST) | H41: =I41/$I$46 -> 0 | I41: =IF(I7=20%,I25*I7,0) -> 0
A42: =A41+1 -> 5 | B42: Adicional Insalubridade 40% (Ver súmula 228 e 139 TST) | H42: =I42/$I$46 -> 0 | I42: =IF(I7=40%,I25*I7,0) -> 0
A43: =A42+1 -> 6 | B43: Adicional de Supervisor (IN 05/2017 MPOG SLTI) | H43: =I43/$I$46 -> 0 | I43: =IF(I24="Não aplicável",0,I38*I24) -> 0
A44: =A43+1 -> 7 | B44: Feriados | H44: =I44/$I$46 -> 0 | I44: =IF(I26="Não aplicável",0,(I38+I39+I40+I41+I42+I43)/I5*I26*(1+I27)) -> 0
A45: =A44+1 -> 8 | B45: DSR = número total das horas extras do mês / número de dias úteis X domingos e feriados do mês X valor da hora extra com acréscimo | H45: =I45/$I$46 -> 0 | I45: =IF(I26="Não aplicável",0,I26/I13*5*(I10/H10*(1+I27))) -> 0
A46: Total de Remuneração | H46: =SUM(H38:H45) -> 1 | I46: =SUM(I38:I45) -> 1814.9455
A57: II | B57: Encargos Sociais - Grupo II: Obrigações Sociais | H57: % | I57: Valor Mensal/unidade de serviço (R$)
A58: 1 | B58: INSS (art. 22, inc. I, Lei nº 8.212/91) | H58: 0.2 | I58: =$I$46*H58 -> 362.98909
A59: 2 | B59: SESI ou SESC (art. 30, Lei nº 8.036/90) | H59: 0.015 | I59: =$I$46*H59 -> 27.224182
A60: 3 | B60: SENAI ou SENAC (Decreto-Lei nº 2.318/86) | H60: 0.01 | I60: =$I$46*H60 -> 18.149455
A61: 4 | B61: INCRA (art. 15I, Lei Complementar nº 011/71) | H61: 0.002 | I61: =$I$46*H61 -> 3.6298909
A62: 5 | B62: SALÁRIO EDUCAÇÃO (art. , inc. I, Decreto nº 87.043/82) | H62: 0.025 | I62: =$I$46*H62 -> 45.373636
A63: 6 | B63: FGTS (art. 15, Lei nº 8.036/90) | H63: 0.08 | I63: =$I$46*H63 -> 145.19564
A64: 7 | B64: SEG. ACIDENTE DO TRABALHO 1%, 2% e 3% (art. 22, inc. II, alíneas "b" e "c", da Lei nº 8.212/91) | H64: 0.03 | I64: =$I$46*H64 -> 54.448364
A65: 8 | B65: SEBRAE (§ 3º, art. 8º, Lei nº 8.029/90) | H65: 0.006 | I65: =$I$46*H65 -> 10.889673
A66: Total do Grupo II | H66: =SUM(H58:H65) -> 0.368 | I66: =SUM(I58:I65) -> 667.89993
A67: Os percentuais para o SAT podem variar de 0,50% a 6,00% em função do Fator de Acidente Previdenciário (FAP), Decreto nº 6.957/2009
A68: Deverá obrigatoriamente acompanhar a proposta de preços e a planilha de custos e formação de preços a prova do Fator Acidentário de Prevenção – FAP por meio de impressão de consulta ao site do Ministério da Previdência Social (que pode ser obtido no endereço eletrônico http://www2.dataprev.gov.br/fap/fap.htm), independentemente de alteração da alíquota da parcela do Seguro Acidente de Trabalho disposta no Quadro II da referida planilha.
A69: III | B69: Encargos Sociais - Grupo III: Tempo Não Trabalhado | H69: % | I69: Valor Mensal/unidade de serviço (R$)
A70: 1 | B70: FÉRIAS GOZADAS + ADICIONAL DE FÉRIAS | H70: 0.119314 | I70: =$I$46*H70 -> 216.5484
A71: 2 | B71: FALTAS ABONADAS (3) | H71: 0.020479 | I71: =$I$46*H71 -> 37.168268
A72: 3 | B72: FALTAS LEGAIS (4) | H72: 0.012123 | I72: =$I$46*H72 -> 22.002584
A73: 4 | B73: LICENÇA MATERNIDADE | H73: 0.011436 | I73: =$I$46*H73 -> 20.755716
A74: 5 | B74: LICENÇA PATERNIDADE | H74: 0.000174 | I74: =$I$46*H74 -> 0.31580051
A75: 6 | B75: ACIDENTE DE TRABALHO | H75: 0.000442 | I75: =$I$46*H75 -> 0.80220589
A76: 7 | B76: AVISO PRÉVIO TRABALHADO | H76: 0.000185 | I76: =$I$46*H76 -> 0.33576491
A77: 8 | B77: 13º SALÁRIO | H77: 0.09079 | I77: =$I$46*H77 -> 164.7789
A78: Total do Grupo III | H78: =SUM(H70:H77) -> 0.254943 | I78: =SUM(I70:I77) -> 462.70764
A79: (3) | B79: Faltas Justificadas por Auxílio Doença
A80: (4) | B80: Faltas Legais - Art. 473 CLT
A81: IV | B81: Encargos Sociais - Grupo IV: Indenizações | H81: % | I81: Valor Mensal/unidade de serviço (R$)
A82: 1 | B82: INDENIZAÇÕES | H82: 0.048321 | I82: =$I$46*H82 -> 87.699979
A83: 2 | B83: FGTS SOBRE INDENIZAÇÕES | H83: 0.003511 | I83: =$I$46*H83 -> 6.3722735
A84: 3 | B84: INDENIZAÇÃO COMPENSATÓRIA POR DEMISSÃO SEM JUSTA CAUSA | H84: 0.019328 | I84: =$I$46*H84 -> 35.079266
A85: Total do Grupo IV | H85: =SUM(H82:H84) -> 0.07116 | I85: =SUM(I82:I84) -> 129.15152
A87: V | B87: Encargos Sociais - Grupo V: Incidências | H87: % | I87: Valor Mensal/unidade de serviço (R$)
A88: 1 | B88: INCIDÊNCIA GRUPO II (Obrigações Sociais) X GRUPO III (Tempo Não Trabalhado) | H88: =(H66*H78) -> 0.093819024 | I88: =$I$46*H88 -> 170.27641
A89: Total do Grupo V | H89: =SUM(H88:H88) -> 0.093819024 | I89: =I88 -> 170.27641
A91: TOTAL DOS ENCARGOS SOCIAIS (II + III + IV + V) | H91: =H66+H78+H85+H89 -> 0.78792202 | I91: =I66+I78+I85+I89 -> 1430.0355
A93: VI | B93: Demais custos relativos à Norma Coletiva ou Disposições Legais - Grupo VI | H93: % | I93: Valor Mensal/unidade de serviço (R$)
A94: 1 | B94: Auxílio Alimentação | H94: =I94/$I$46 -> 0.26657165 | I94: =I114 -> 483.813
A95: =A94+1 -> 2 | B95: Auxílio Lanche | H95: =I95/$I$46 -> 0 | I95: =I110 -> 0
A96: =A95+1 -> 3 | B96: Plano de Saúde | H96: =I96/$I$46 -> 0 | I96: 0
A97: =A96+1 -> 4 | B97: Vale-Transporte⁽⁵⁾ | H97: =I97/$I$46 -> 0.06848871 | I97: =I106 -> 124.30327
A98: =A97+1 -> 5 | B98: Adicional Intervalar | H98: =I98/$I$46 -> 0 | I98: =IF(I28="Não aplicável",0,((I10/H10)*1.5*I28)) -> 0
A99: 6 | B99: Prêmio Assiduidade (quando houver) | H99: =I99/$I$46 -> 0.04407846 | I99: =IF(I21="Não aplicável",0,I21) -> 80
A100: 7 | B100: Plano de Benefício Social Familiar (apenas para a CCT SEEAC/SINDASSEIO) | H100: =I100/$I$46 -> 0.014061029 | I100: =IF(I22="Não aplicável",0,I22) -> 25.52
A101: 8 | B101: Outros | H101: =I101/$I$46 -> 0 | I101: =IF(I23="Não aplicável",0,I23) -> 0
A102: Total do Grupo VI | H102: =SUM(H94:H101) -> 0.39319985 | I102: =SUM(I94:I101) -> 713.63627
A103: (5) | B103: O valor do vale-transporte pode variar de acordo com o modal fornecido pelo empregador.
A104: MEMÓRIA DE CÁLCULO DO VALE TRANSPORTE
A105: Valor Unitário | C105: Dias de Trabalho | D105: Vale p/dia | E105: Custo total | F105: Base de cálculo | G105: Percentual de desconto | H105: Valor desconto | I105: Custo efetivo
A106: =IF(I12="Não aplicável",0,I12) -> 5.3 | C106: =IF(I13="Não aplicável",0,I13) -> 22 | D106: 2 | E106: =A106*C106*D106 -> 233.2 | F106: =I38 -> 1814.9455 | G106: =IF(I14="Não aplicável",0,I14) -> 0.06 | H106: =F106*G106 -> 108.89673 | I106: =IF((E106-H106)>0,E106-H106,0) -> 124.30327
A108: MEMÓRIA DE CÁLCULO DO VALE LANCHE
A109: Valor Unitário | C109: Dias por mês | D109: Vale p/dia | E109: Custo total | F109: Base de cálculo | G109: Percentual de desconto | H109: Valor desconto | I109: Custo efetivo
A110: =IF(I18="Não aplicável",0,I18) -> 0 | C110: =IF(I19="Não aplicável",0,I19) -> 0 | D110: 1 | E110: =A110*C110*D110 -> 0 | F110: =E110 -> 0 | G110: =IF(I20="Não aplicável",0,I20) -> 0 | H110: =F110*G110 -> 0 | I110: =E110-H110 -> 0
A112: MEMÓRIA DE CÁLCULO DO | F112: =A15 -> Auxílio Alimentação
A113: Valor Unitário | C113: Dias por mês | D113: Vale p/dia | E113: Custo total | F113: Base de cálculo | G113: Percentual de desconto | H113: =H105 -> Valor desconto | I113: Custo efetivo
A114: =IF(I15="Não aplicável",0,I15) -> 27.15 | C114: =IF(I16="Não aplicável",0,I16) -> 22 | D114: 1 | E114: =A114*C114*D114 -> 597.3 | F114: =E114 -> 597.3 | G114: =IF(I17="Não aplicável",0,I17) -> 0.19 | H114: =F114*G114 -> 113.487 | I114: =E114-H114 -> 483.813
A116: TOTAL DO MONTANTE A (I + II + III+ IV + V +VI) | H116: =H46+H91+H102 -> 2.1811219 | I116: =I46+I91+I102 -> 3958.6172
A118: MONTANTE B
A119: I | B119: Despesas Diretas | H119: % | I119: Valor Mensal/unidade de serviço (R$)
A120: 1 | B120: Transporte (6) | H120: =I120/$I$132 -> 0 | I120: 0
A121: 2 | B121: Uniformes/EPI (6a) | H121: =I121/$I$132 -> 0.1 | I121: =IF(F130=10%,G130,0) -> 383.4314
A122: 3 | B122: Seguro de vida | H122: =I122/$I$132 -> 0 | I122: 0
A123: 4 | B123: Materiais/Equipamentos (7) | H123: =I123/$I$132 -> 0 | I123: 0
...

Sheet Recepcionista (01 ELDORADO)
A1: PLANILHA DE CUSTOS E FORMAÇÃO DE PREÇOS DE SERVIÇOS CONTINUADOS COM DEDICAÇÃO EXCLUSIVA DE MÃO DE OBRA (ANEXO III - DECRETO 52.768 de 15.12.2015)
A2: PROCESSO: | C2: 25/1500-0029436-4 | E2: REGIME DE TRIBUTAÇÃO: LUCRO REAL
A3: LICITAÇÃO/EDITAL | E3: ABERTURA:
A5: Cargo/Função: | D5: Recepcionista | G5: =IF(D6="12x36","Regime de trabalho:","Quantidade de HORAS/MÊS") -> Quantidade de HORAS/MÊS | I5: 200
A6: =IF(D6="12x36","Regime de trabalho:","Regime de trabalho (horas semanais):") -> Regime de trabalho (horas semanais): | D6: 40
A7: Convenção Coletiva de Trabalho: | D7: RS000041/2026 | G7: INSALUBRIDADE (10%, 20%, 40%) | I7: Não aplicável
A8: Origem do salário: | D8: CCT
A9: Cidade: | D9: Eldorado do Sul | G9: PERICULOSIDADE (30%) | I9: Não aplicável
A10: Salário Normativo | G10: Vlr. do salário e nº de horas correspondentes | H10: 220 | I10: 1996.44
A11: ISS | G11: =D9 -> Eldorado do Sul | H11: Alíquota | I11: 0.05
A12: Tarifa Transporte | G12: CCT | H12: Vr. Unitário | I12: 4.3
H13: Dias | I13: 22
H14: Desconto | I14: 0.06
A15: Auxílio Alimentação | G15: CCT | H15: Vr. Unitário | I15: 27.15
H16: Dias | I16: 22
H17: Desconto | I17: 0.19
A18: Auxílio Lanche | G18: CCT | H18: Vr. Unitário | I18: 0
H19: Dias | I19: 0
H20: Desconto | I20: 0
A21: Prêmio Assiduidade / Cesta Básica (quando houver) | G21: CCT | H21: Valor mensal | I21: 80
A22: Plano de Benefício Social Familiar (apenas para a CCT SEEAC/SINDASSEIO) | G22: CCT | H22: Valor mensal | I22: 25.52
A23: Outros benefícios que refletem na planilha de custos, caso constem na CCT. | G23: CCT | H23: Valor mensal | I23: Não aplicável
A24: Adicional de Supervisor (37%) | H24: Porcentagem | I24: Não aplicável
A25: Base de cálculo da insalubridade | H25: Valor | I25: Não aplicável
A26: Quantitativo de horas trabalhadas em feriados no mês (estimado) - Não aplicável para postos 12x36 | H26: Horas por mês | I26: Não aplicável
H27: Acréscimo da hora extra | I27: Não aplicável
A28: Hora Intervalar (somente para postos 12x36, quando for o caso) | H28: Horas por mês | I28: Não aplicável
A29: Sem fornecimento de materiais ou apenas fornecimento de EPIs ou uniformes, utilizar 10%. Com fornecimento de materiais ou equipamentos, utilizar 20%. (Decreto 52.768/2015, alterado pelo Decreto 53.424/2017) | H29: Porcentagem | I29: 0.1
I30: Não aplicável
A36: MONTANTE A
A37: I | B37: Remuneração - Grupo I | H37: % | I37: Valor Mensal/unidade de serviço (R$)
A38: 1 | B38: Salário | H38: =I38/$I$46 -> 1 | I38: =IF(D6="12x36",I10,I10/H10*I5) -> 1814.9455
A39: =A38+1 -> 2 | B39: Adicional Periculosidade 30% (Ver súmulas 364, 132 e 191 do TST) | H39: =I39/$I$46 -> 0 | I39: =IF(I9=30%,I38*I9,0) -> 0
A40: =A39+1 -> 3 | B40: Adicional Insalubridade 10% (Ver súmula 228 e 139 TST) | H40: =I40/$I$46 -> 0 | I40: =IF(I7=10%,I25*I7,0) -> 0
A41: =A40+1 -> 4 | B41: Adicional Insalubridade 20% (Ver súmula 228 e 139 TST) | H41: =I41/$I$46 -> 0 | I41: =IF(I7=20%,I25*I7,0) -> 0
A42: =A41+1 -> 5 | B42: Adicional Insalubridade 40% (Ver súmula 228 e 139 TST) | H42: =I42/$I$46 -> 0 | I42: =IF(I7=40%,I25*I7,0) -> 0
A43: =A42+1 -> 6 | B43: Adicional de Supervisor (IN 05/2017 MPOG SLTI) | H43: =I43/$I$46 -> 0 | I43: =IF(I24="Não aplicável",0,I38*I24) -> 0
A44: =A43+1 -> 7 | B44: Feriados | H44: =I44/$I$46 -> 0 | I44: =IF(I26="Não aplicável",0,(I38+I39+I40+I41+I42+I43)/I5*I26*(1+I27)) -> 0
A45: =A44+1 -> 8 | B45: DSR = número total das horas extras do mês / número de dias úteis X domingos e feriados do mês X valor da hora extra com acréscimo | H45: =I45/$I$46 -> 0 | I45: =IF(I26="Não aplicável",0,I26/I13*5*(I10/H10*(1+I27))) -> 0
A46: Total de Remuneração | H46: =SUM(H38:H45) -> 1 | I46: =SUM(I38:I45) -> 1814.9455
A57: II | B57: Encargos Sociais - Grupo II: Obrigações Sociais | H57: % | I57: Valor Mensal/unidade de serviço (R$)
A58: 1 | B58: INSS (art. 22, inc. I, Lei nº 8.212/91) | H58: 0.2 | I58: =$I$46*H58 -> 362.98909
A59: 2 | B59: SESI ou SESC (art. 30, Lei nº 8.036/90) | H59: 0.015 | I59: =$I$46*H59 -> 27.224182
A60: 3 | B60: SENAI ou SENAC (Decreto-Lei nº 2.318/86) | H60: 0.01 | I60: =$I$46*H60 -> 18.149455
A61: 4 | B61: INCRA (art. 15I, Lei Complementar nº 011/71) | H61: 0.002 | I61: =$I$46*H61 -> 3.6298909
A62: 5 | B62: SALÁRIO EDUCAÇÃO (art. , inc. I, Decreto nº 87.043/82) | H62: 0.025 | I62: =$I$46*H62 -> 45.373636
A63: 6 | B63: FGTS (art. 15, Lei nº 8.036/90) | H63: 0.08 | I63: =$I$46*H63 -> 145.19564
A64: 7 | B64: SEG. ACIDENTE DO TRABALHO 1%, 2% e 3% (art. 22, inc. II, alíneas "b" e "c", da Lei nº 8.212/91) | H64: 0.03 | I64: =$I$46*H64 -> 54.448364
A65: 8 | B65: SEBRAE (§ 3º, art. 8º, Lei nº 8.029/90) | H65: 0.006 | I65: =$I$46*H65 -> 10.889673
A66: Total do Grupo II | H66: =SUM(H58:H65) -> 0.368 | I66: =SUM(I58:I65) -> 667.89993
A67: Os percentuais para o SAT podem variar de 0,50% a 6,00% em função do Fator de Acidente Previdenciário (FAP), Decreto nº 6.957/2009
A68: Deverá obrigatoriamente acompanhar a proposta de preços e a planilha de custos e formação de preços a prova do Fator Acidentário de Prevenção – FAP por meio de impressão de consulta ao site do Ministério da Previdência Social (que pode ser obtido no endereço eletrônico http://www2.dataprev.gov.br/fap/fap.htm), independentemente de alteração da alíquota da parcela do Seguro Acidente de Trabalho disposta no Quadro II da referida planilha.
A69: III | B69: Encargos Sociais - Grupo III: Tempo Não Trabalhado | H69: % | I69: Valor Mensal/unidade de serviço (R$)
A70: 1 | B70: FÉRIAS GOZADAS + ADICIONAL DE FÉRIAS | H70: 0.119314 | I70: =$I$46*H70 -> 216.5484
A71: 2 | B71: FALTAS ABONADAS (3) | H71: 0.020479 | I71: =$I$46*H71 -> 37.168268
A72: 3 | B72: FALTAS LEGAIS (4) | H72: 0.012123 | I72: =$I$46*H72 -> 22.002584
A73: 4 | B73: LICENÇA MATERNIDADE | H73: 0.011436 | I73: =$I$46*H73 -> 20.755716
A74: 5 | B74: LICENÇA PATERNIDADE | H74: 0.000174 | I74: =$I$46*H74 -> 0.31580051
A75: 6 | B75: ACIDENTE DE TRABALHO | H75: 0.000442 | I75: =$I$46*H75 -> 0.80220589
A76: 7 | B76: AVISO PRÉVIO TRABALHADO | H76: 0.000185 | I76: =$I$46*H76 -> 0.33576491
A77: 8 | B77: 13º SALÁRIO | H77: 0.09079 | I77: =$I$46*H77 -> 164.7789
A78: Total do Grupo III | H78: =SUM(H70:H77) -> 0.254943 | I78: =SUM(I70:I77) -> 462.70764
A79: (3) | B79: Faltas Justificadas por Auxílio Doença
A80: (4) | B80: Faltas Legais - Art. 473 CLT
A81: IV | B81: Encargos Sociais - Grupo IV: Indenizações | H81: % | I81: Valor Mensal/unidade de serviço (R$)
A82: 1 | B82: INDENIZAÇÕES | H82: 0.048321 | I82: =$I$46*H82 -> 87.699979
A83: 2 | B83: FGTS SOBRE INDENIZAÇÕES | H83: 0.003511 | I83: =$I$46*H83 -> 6.3722735
A84: 3 | B84: INDENIZAÇÃO COMPENSATÓRIA POR DEMISSÃO SEM JUSTA CAUSA | H84: 0.019328 | I84: =$I$46*H84 -> 35.079266
A85: Total do Grupo IV | H85: =SUM(H82:H84) -> 0.07116 | I85: =SUM(I82:I84) -> 129.15152
A87: V | B87: Encargos Sociais - Grupo V: Incidências | H87: % | I87: Valor Mensal/unidade de serviço (R$)
A88: 1 | B88: INCIDÊNCIA GRUPO II (Obrigações Sociais) X GRUPO III (Tempo Não Trabalhado) | H88: =(H66*H78) -> 0.093819024 | I88: =$I$46*H88 -> 170.27641
A89: Total do Grupo V | H89: =SUM(H88:H88) -> 0.093819024 | I89: =I88 -> 170.27641
A91: TOTAL DOS ENCARGOS SOCIAIS (II + III + IV + V) | H91: =H66+H78+H85+H89 -> 0.78792202 | I91: =I66+I78+I85+I89 -> 1430.0355
A93: VI | B93: Demais custos relativos à Norma Coletiva ou Disposições Legais - Grupo VI | H93: % | I93: Valor Mensal/unidade de serviço (R$)
A94: 1 | B94: Auxílio Alimentação | H94: =I94/$I$46 -> 0.26657165 | I94: =I114 -> 483.813
A95: =A94+1 -> 2 | B95: Auxílio Lanche | H95: =I95/$I$46 -> 0 | I95: =I110 -> 0
A96: =A95+1 -> 3 | B96: Plano de Saúde | H96: =I96/$I$46 -> 0 | I96: 0
A97: =A96+1 -> 4 | B97: Vale-Transporte⁽⁵⁾ | H97: =I97/$I$46 -> 0.044245557 | I97: =I106 -> 80.303273
A98: =A97+1 -> 5 | B98: Adicional Intervalar | H98: =I98/$I$46 -> 0 | I98: =IF(I28="Não aplicável",0,((I10/H10)*1.5*I28)) -> 0
A99: 6 | B99: Prêmio Assiduidade (quando houver) | H99: =I99/$I$46 -> 0.04407846 | I99: =IF(I21="Não aplicável",0,I21) -> 80
A100: 7 | B100: Plano de Benefício Social Familiar (apenas para a CCT SEEAC/SINDASSEIO) | H100: =I100/$I$46 -> 0.014061029 | I100: =IF(I22="Não aplicável",0,I22) -> 25.52
A101: 8 | B101: Outros | H101: =I101/$I$46 -> 0 | I101: =IF(I23="Não aplicável",0,I23) -> 0
A102: Total do Grupo VI | H102: =SUM(H94:H101) -> 0.36895669 | I102: =SUM(I94:I101) -> 669.63627
A103: (5) | B103: O valor do vale-transporte pode variar de acordo com o modal fornecido pelo empregador.
A104: MEMÓRIA DE CÁLCULO DO VALE TRANSPORTE
A105: Valor Unitário | C105: Dias de Trabalho | D105: Vale p/dia | E105: Custo total | F105: Base de cálculo | G105: Percentual de desconto | H105: Valor desconto | I105: Custo efetivo
A106: =IF(I12="Não aplicável",0,I12) -> 4.3 | C106: =IF(I13="Não aplicável",0,I13) -> 22 | D106: 2 | E106: =A106*C106*D106 -> 189.2 | F106: =I38 -> 1814.9455 | G106: =IF(I14="Não aplicável",0,I14) -> 0.06 | H106: =F106*G106 -> 108.89673 | I106: =IF((E106-H106)>0,E106-H106,0) -> 80.303273
A108: MEMÓRIA DE CÁLCULO DO VALE LANCHE
A109: Valor Unitário | C109: Dias por mês | D109: Vale p/dia | E109: Custo total | F109: Base de cálculo | G109: Percentual de desconto | H109: Valor desconto | I109: Custo efetivo
A110: =IF(I18="Não aplicável",0,I18) -> 0 | C110: =IF(I19="Não aplicável",0,I19) -> 0 | D110: 1 | E110: =A110*C110*D110 -> 0 | F110: =E110 -> 0 | G110: =IF(I20="Não aplicável",0,I20) -> 0 | H110: =F110*G110 -> 0 | I110: =E110-H110 -> 0
A112: MEMÓRIA DE CÁLCULO DO | F112: =A15 -> Auxílio Alimentação
A113: Valor Unitário | C113: Dias por mês | D113: Vale p/dia | E113: Custo total | F113: Base de cálculo | G113: Percentual de desconto | H113: =H105 -> Valor desconto | I113: Custo efetivo
A114: =IF(I15="Não aplicável",0,I15) -> 27.15 | C114: =IF(I16="Não aplicável",0,I16) -> 22 | D114: 1 | E114: =A114*C114*D114 -> 597.3 | F114: =E114 -> 597.3 | G114: =IF(I17="Não aplicável",0,I17) -> 0.19 | H114: =F114*G114 -> 113.487 | I114: =E114-H114 -> 483.813
A116: TOTAL DO MONTANTE A (I + II + III+ IV + V +VI) | H116: =H46+H91+H102 -> 2.1568787 | I116: =I46+I91+I102 -> 3914.6172
A118: MONTANTE B
A119: I | B119: Despesas Diretas | H119: % | I119: Valor Mensal/unidade de serviço (R$)
A120: 1 | B120: Transporte (6) | H120: =I120/$I$132 -> 0 | I120: 0
A121: 2 | B121: Uniformes/EPI (6a) | H121: =I121/$I$132 -> 0.1 | I121: =IF(F130=10%,G130,0) -> 383.4314
A122: 3 | B122: Seguro de vida | H122: =I122/$I$132 -> 0 | I122: 0
A123: 4 | B123: Materiais/Equipamentos (7) | H123: =I123/$I$132 -> 0 | I123: 0
...

Sheet Supervisor (01 POA)
A1: PLANILHA DE CUSTOS E FORMAÇÃO DE PREÇOS DE SERVIÇOS CONTINUADOS COM DEDICAÇÃO EXCLUSIVA DE MÃO DE OBRA (ANEXO III - DECRETO 52.768 de 15.12.2015)
A2: PROCESSO: | C2: 25/1500-0029436-4 | E2: REGIME DE TRIBUTAÇÃO: LUCRO REAL
A3: LICITAÇÃO/EDITAL | E3: ABERTURA:
A5: Cargo/Função: | D5: Supervisor | G5: =IF(D6="12x36","Regime de trabalho:","Quantidade de HORAS/MÊS") -> Quantidade de HORAS/MÊS | I5: 200
A6: =IF(D6="12x36","Regime de trabalho:","Regime de trabalho (horas semanais):") -> Regime de trabalho (horas semanais): | D6: 40
A7: Convenção Coletiva de Trabalho: | D7: RS000041/2026 | G7: INSALUBRIDADE (10%, 20%, 40%) | I7: Não aplicável
A8: Origem do salário: | D8: CCT
A9: Cidade: | D9: Porto Alegre | G9: PERICULOSIDADE (30%) | I9: Não aplicável
A10: Salário Normativo | G10: Vlr. do salário e nº de horas correspondentes | H10: 220 | I10: 2307.83
A11: ISS | G11: =D9 -> Porto Alegre | H11: Alíquota | I11: 0.05
A12: Tarifa Transporte | G12: CCT | H12: Vr. Unitário | I12: 5.3
H13: Dias | I13: 22
H14: Desconto | I14: 0.06
A15: Auxílio Alimentação | G15: CCT | H15: Vr. Unitário | I15: 27.15
H16: Dias | I16: 22
H17: Desconto | I17: 0.19
A18: Auxílio Lanche | G18: CCT | H18: Vr. Unitário | I18: 0
H19: Dias | I19: 0
H20: Desconto | I20: 0
A21: Prêmio Assiduidade / Cesta Básica (quando houver) | G21: CCT | H21: Valor mensal | I21: 80
A22: Plano de Benefício Social Familiar (apenas para a CCT SEEAC/SINDASSEIO) | G22: CCT | H22: Valor mensal | I22: 25.52
A23: Outros benefícios que refletem na planilha de custos, caso constem na CCT. | G23: CCT | H23: Valor mensal | I23: Não aplicável
A24: Adicional de Supervisor (37%) | H24: Porcentagem | I24: 0.37
A25: Base de cálculo da insalubridade | H25: Valor | I25: Não aplicável
A26: Quantitativo de horas trabalhadas em feriados no mês (estimado) - Não aplicável para postos 12x36 | H26: Horas por mês | I26: Não aplicável
H27: Acréscimo da hora extra | I27: Não aplicável
A28: Hora Intervalar (somente para postos 12x36, quando for o caso) | H28: Horas por mês | I28: Não aplicável
A29: Sem fornecimento de materiais ou apenas fornecimento de EPIs ou uniformes, utilizar 10%. Com fornecimento de materiais ou equipamentos, utilizar 20%. (Decreto 52.768/2015, alterado pelo Decreto 53.424/2017) | H29: Porcentagem | I29: 0.1
I30: Não aplicável
A36: MONTANTE A
A37: I | B37: Remuneração - Grupo I | H37: % | I37: Valor Mensal/unidade de serviço (R$)
A38: 1 | B38: Salário | H38: =I38/$I$46 -> 0.72992701 | I38: =IF(D6="12x36",I10,I10/H10*I5) -> 2098.0273
A39: =A38+1 -> 2 | B39: Adicional Periculosidade 30% (Ver súmulas 364, 132 e 191 do TST) | H39: =I39/$I$46 -> 0 | I39: =IF(I9=30%,I38*I9,0) -> 0
A40: =A39+1 -> 3 | B40: Adicional Insalubridade 10% (Ver súmula 228 e 139 TST) | H40: =I40/$I$46 -> 0 | I40: =IF(I7=10%,I25*I7,0) -> 0
A41: =A40+1 -> 4 | B41: Adicional Insalubridade 20% (Ver súmula 228 e 139 TST) | H41: =I41/$I$46 -> 0 | I41: =IF(I7=20%,I25*I7,0) -> 0
A42: =A41+1 -> 5 | B42: Adicional Insalubridade 40% (Ver súmula 228 e 139 TST) | H42: =I42/$I$46 -> 0 | I42: =IF(I7=40%,I25*I7,0) -> 0
A43: =A42+1 -> 6 | B43: Adicional de Supervisor (IN 05/2017 MPOG SLTI) | H43: =I43/$I$46 -> 0.27007299 | I43: =IF(I24="Não aplicável",0,I38*I24) -> 776.27009
A44: =A43+1 -> 7 | B44: Feriados | H44: =I44/$I$46 -> 0 | I44: =IF(I26="Não aplicável",0,(I38+I39+I40+I41+I42+I43)/I5*I26*(1+I27)) -> 0
A45: =A44+1 -> 8 | B45: DSR = número total das horas extras do mês / número de dias úteis X domingos e feriados do mês X valor da hora extra com acréscimo | H45: =I45/$I$46 -> 0 | I45: =IF(I26="Não aplicável",0,I26/I13*5*(I10/H10*(1+I27))) -> 0
A46: Total de Remuneração | H46: =SUM(H38:H45) -> 1 | I46: =SUM(I38:I45) -> 2874.2974
A57: II | B57: Encargos Sociais - Grupo II: Obrigações Sociais | H57: % | I57: Valor Mensal/unidade de serviço (R$)
A58: 1 | B58: INSS (art. 22, inc. I, Lei nº 8.212/91) | H58: 0.2 | I58: =$I$46*H58 -> 574.85947
A59: 2 | B59: SESI ou SESC (art. 30, Lei nº 8.036/90) | H59: 0.015 | I59: =$I$46*H59 -> 43.11446
A60: 3 | B60: SENAI ou SENAC (Decreto-Lei nº 2.318/86) | H60: 0.01 | I60: =$I$46*H60 -> 28.742974
A61: 4 | B61: INCRA (art. 15I, Lei Complementar nº 011/71) | H61: 0.002 | I61: =$I$46*H61 -> 5.7485947
A62: 5 | B62: SALÁRIO EDUCAÇÃO (art. , inc. I, Decreto nº 87.043/82) | H62: 0.025 | I62: =$I$46*H62 -> 71.857434
A63: 6 | B63: FGTS (art. 15, Lei nº 8.036/90) | H63: 0.08 | I63: =$I$46*H63 -> 229.94379
A64: 7 | B64: SEG. ACIDENTE DO TRABALHO 1%, 2% e 3% (art. 22, inc. II, alíneas "b" e "c", da Lei nº 8.212/91) | H64: 0.03 | I64: =$I$46*H64 -> 86.228921
A65: 8 | B65: SEBRAE (§ 3º, art. 8º, Lei nº 8.029/90) | H65: 0.006 | I65: =$I$46*H65 -> 17.245784
A66: Total do Grupo II | H66: =SUM(H58:H65) -> 0.368 | I66: =SUM(I58:I65) -> 1057.7414
A67: Os percentuais para o SAT podem variar de 0,50% a 6,00% em função do Fator de Acidente Previdenciário (FAP), Decreto nº 6.957/2009
A68: Deverá obrigatoriamente acompanhar a proposta de preços e a planilha de custos e formação de preços a prova do Fator Acidentário de Prevenção – FAP por meio de impressão de consulta ao site do Ministério da Previdência Social (que pode ser obtido no endereço eletrônico http://www2.dataprev.gov.br/fap/fap.htm), independentemente de alteração da alíquota da parcela do Seguro Acidente de Trabalho disposta no Quadro II da referida planilha.
A69: III | B69: Encargos Sociais - Grupo III: Tempo Não Trabalhado | H69: % | I69: Valor Mensal/unidade de serviço (R$)
A70: 1 | B70: FÉRIAS GOZADAS + ADICIONAL DE FÉRIAS | H70: 0.119314 | I70: =$I$46*H70 -> 342.94392
A71: 2 | B71: FALTAS ABONADAS (3) | H71: 0.020479 | I71: =$I$46*H71 -> 58.862736
A72: 3 | B72: FALTAS LEGAIS (4) | H72: 0.012123 | I72: =$I$46*H72 -> 34.845107
A73: 4 | B73: LICENÇA MATERNIDADE | H73: 0.011436 | I73: =$I$46*H73 -> 32.870465
A74: 5 | B74: LICENÇA PATERNIDADE | H74: 0.000174 | I74: =$I$46*H74 -> 0.50012774
A75: 6 | B75: ACIDENTE DE TRABALHO | H75: 0.000442 | I75: =$I$46*H75 -> 1.2704394
A76: 7 | B76: AVISO PRÉVIO TRABALHADO | H76: 0.000185 | I76: =$I$46*H76 -> 0.53174501
A77: 8 | B77: 13º SALÁRIO | H77: 0.09079 | I77: =$I$46*H77 -> 260.95746
A78: Total do Grupo III | H78: =SUM(H70:H77) -> 0.254943 | I78: =SUM(I70:I77) -> 732.78199
A79: (3) | B79: Faltas Justificadas por Auxílio Doença
A80: (4) | B80: Faltas Legais - Art. 473 CLT
A81: IV | B81: Encargos Sociais - Grupo IV: Indenizações | H81: % | I81: Valor Mensal/unidade de serviço (R$)
A82: 1 | B82: INDENIZAÇÕES | H82: 0.048321 | I82: =$I$46*H82 -> 138.88892
A83: 2 | B83: FGTS SOBRE INDENIZAÇÕES | H83: 0.003511 | I83: =$I$46*H83 -> 10.091658
A84: 3 | B84: INDENIZAÇÃO COMPENSATÓRIA POR DEMISSÃO SEM JUSTA CAUSA | H84: 0.019328 | I84: =$I$46*H84 -> 55.554419
A85: Total do Grupo IV | H85: =SUM(H82:H84) -> 0.07116 | I85: =SUM(I82:I84) -> 204.535
A87: V | B87: Encargos Sociais - Grupo V: Incidências | H87: % | I87: Valor Mensal/unidade de serviço (R$)
A88: 1 | B88: INCIDÊNCIA GRUPO II (Obrigações Sociais) X GRUPO III (Tempo Não Trabalhado) | H88: =(H66*H78) -> 0.093819024 | I88: =$I$46*H88 -> 269.66377
A89: Total do Grupo V | H89: =SUM(H88:H88) -> 0.093819024 | I89: =I88 -> 269.66377
A91: TOTAL DOS ENCARGOS SOCIAIS (II + III + IV + V) | H91: =H66+H78+H85+H89 -> 0.78792202 | I91: =I66+I78+I85+I89 -> 2264.7222
A93: VI | B93: Demais custos relativos à Norma Coletiva ou Disposições Legais - Grupo VI | H93: % | I93: Valor Mensal/unidade de serviço (R$)
A94: 1 | B94: Auxílio Alimentação | H94: =I94/$I$46 -> 0.16832392 | I94: =I114 -> 483.813
A95: =A94+1 -> 2 | B95: Auxílio Lanche | H95: =I95/$I$46 -> 0 | I95: =I110 -> 0
A96: =A95+1 -> 3 | B96: Plano de Saúde | H96: =I96/$I$46 -> 0 | I96: 0
A97: =A96+1 -> 4 | B97: Vale-Transporte⁽⁵⁾ | H97: =I97/$I$46 -> 0.037337252 | I97: =I106 -> 107.31836
A98: =A97+1 -> 5 | B98: Adicional Intervalar | H98: =I98/$I$46 -> 0 | I98: =IF(I28="Não aplicável",0,((I10/H10)*1.5*I28)) -> 0
A99: 6 | B99: Prêmio Assiduidade (quando houver) | H99: =I99/$I$46 -> 0.027832889 | I99: =IF(I21="Não aplicável",0,I21) -> 80
A100: 7 | B100: Plano de Benefício Social Familiar (apenas para a CCT SEEAC/SINDASSEIO) | H100: =I100/$I$46 -> 0.0088786916 | I100: =IF(I22="Não aplicável",0,I22) -> 25.52
A101: 8 | B101: Outros | H101: =I101/$I$46 -> 0 | I101: =IF(I23="Não aplicável",0,I23) -> 0
A102: Total do Grupo VI | H102: =SUM(H94:H101) -> 0.24237275 | I102: =SUM(I94:I101) -> 696.65136
A103: (5) | B103: O valor do vale-transporte pode variar de acordo com o modal fornecido pelo empregador.
A104: MEMÓRIA DE CÁLCULO DO VALE TRANSPORTE
A105: Valor Unitário | C105: Dias de Trabalho | D105: Vale p/dia | E105: Custo total | F105: Base de cálculo | G105: Percentual de desconto | H105: Valor desconto | I105: Custo efetivo
A106: =IF(I12="Não aplicável",0,I12) -> 5.3 | C106: =IF(I13="Não aplicável",0,I13) -> 22 | D106: 2 | E106: =A106*C106*D106 -> 233.2 | F106: =I38 -> 2098.0273 | G106: =IF(I14="Não aplicável",0,I14) -> 0.06 | H106: =F106*G106 -> 125.88164 | I106: =IF((E106-H106)>0,E106-H106,0) -> 107.31836
A108: MEMÓRIA DE CÁLCULO DO VALE LANCHE
A109: Valor Unitário | C109: Dias por mês | D109: Vale p/dia | E109: Custo total | F109: Base de cálculo | G109: Percentual de desconto | H109: Valor desconto | I109: Custo efetivo
A110: =IF(I18="Não aplicável",0,I18) -> 0 | C110: =IF(I19="Não aplicável",0,I19) -> 0 | D110: 1 | E110: =A110*C110*D110 -> 0 | F110: =E110 -> 0 | G110: =IF(I20="Não aplicável",0,I20) -> 0 | H110: =F110*G110 -> 0 | I110: =E110-H110 -> 0
A112: MEMÓRIA DE CÁLCULO DO | F112: =A15 -> Auxílio Alimentação
A113: Valor Unitário | C113: Dias por mês | D113: Vale p/dia | E113: Custo total | F113: Base de cálculo | G113: Percentual de desconto | H113: =H105 -> Valor desconto | I113: Custo efetivo
A114: =IF(I15="Não aplicável",0,I15) -> 27.15 | C114: =IF(I16="Não aplicável",0,I16) -> 22 | D114: 1 | E114: =A114*C114*D114 -> 597.3 | F114: =E114 -> 597.3 | G114: =IF(I17="Não aplicável",0,I17) -> 0.19 | H114: =F114*G114 -> 113.487 | I114: =E114-H114 -> 483.813
A116: TOTAL DO MONTANTE A (I + II + III+ IV + V +VI) | H116: =H46+H91+H102 -> 2.0302948 | I116: =I46+I91+I102 -> 5835.6709
A118: MONTANTE B
A119: I | B119: Despesas Diretas | H119: % | I119: Valor Mensal/unidade de serviço (R$)
A120: 1 | B120: Transporte (6) | H120: =I120/$I$132 -> 0 | I120: 0
A121: 2 | B121: Uniformes/EPI (6a) | H121: =I121/$I$132 -> 0.1 | I121: =IF(F130=10%,G130,0) -> 572.83526
A122: 3 | B122: Seguro de vida | H122: =I122/$I$132 -> 0 | I122: 0
A123: 4 | B123: Materiais/Equipamentos (7) | H123: =I123/$I$132 -> 0 | I123: 0
...

Sheet Aux. Administrativo (38 POA)
A1: PLANILHA DE CUSTOS E FORMAÇÃO DE PREÇOS DE SERVIÇOS CONTINUADOS COM DEDICAÇÃO EXCLUSIVA DE MÃO DE OBRA (ANEXO III - DECRETO 52.768 de 15.12.2015)
A2: PROCESSO: | C2: 25/1500-0029436-4 | E2: REGIME DE TRIBUTAÇÃO: LUCRO REAL
A3: LICITAÇÃO/EDITAL | E3: ABERTURA:
A5: Cargo/Função: | D5: Auxiliar Administrativo | G5: =IF(D6="12x36","Regime de trabalho:","Quantidade de HORAS/MÊS") -> Quantidade de HORAS/MÊS | I5: 200
A6: =IF(D6="12x36","Regime de trabalho:","Regime de trabalho (horas semanais):") -> Regime de trabalho (horas semanais): | D6: 40
A7: Convenção Coletiva de Trabalho: | D7: RS000041/2026 | G7: INSALUBRIDADE (10%, 20%, 40%) | I7: Não aplicável
A8: Origem do salário: | D8: CCT
A9: Cidade: | D9: Porto Alegre | G9: PERICULOSIDADE (30%) | I9: Não aplicável
A10: Salário Normativo | G10: Vlr. do salário e nº de horas correspondentes | H10: 220 | I10: 2307.83
A11: ISS | G11: =D9 -> Porto Alegre | H11: Alíquota | I11: 0.05
A12: Tarifa Transporte | G12: CCT | H12: Vr. Unitário | I12: 5.3
H13: Dias | I13: 22
H14: Desconto | I14: 0.06
A15: Auxílio Alimentação | G15: CCT | H15: Vr. Unitário | I15: 27.15
H16: Dias | I16: 22
H17: Desconto | I17: 0.19
A18: Auxílio Lanche | G18: CCT | H18: Vr. Unitário | I18: 0
H19: Dias | I19: 0
H20: Desconto | I20: 0
A21: Prêmio Assiduidade / Cesta Básica (quando houver) | G21: CCT | H21: Valor mensal | I21: 80
A22: Plano de Benefício Social Familiar (apenas para a CCT SEEAC/SINDASSEIO) | G22: CCT | H22: Valor mensal | I22: 25.52
A23: Outros benefícios que refletem na planilha de custos, caso constem na CCT. | G23: CCT | H23: Valor mensal | I23: Não aplicável
A24: Adicional de Supervisor (37%) | H24: Porcentagem | I24: Não aplicável
A25: Base de cálculo da insalubridade | H25: Valor | I25: Não aplicável
A26: Quantitativo de horas trabalhadas em feriados no mês (estimado) - Não aplicável para postos 12x36 | H26: Horas por mês | I26: Não aplicável
H27: Acréscimo da hora extra | I27: Não aplicável
A28: Hora Intervalar (somente para postos 12x36, quando for o caso) | H28: Horas por mês | I28: Não aplicável
A29: Sem fornecimento de materiais ou apenas fornecimento de EPIs ou uniformes, utilizar 10%. Com fornecimento de materiais ou equipamentos, utilizar 20%. (Decreto 52.768/2015, alterado pelo Decreto 53.424/2017) | H29: Porcentagem | I29: 0.1
I30: Não aplicável
A36: MONTANTE A
A37: I | B37: Remuneração - Grupo I | H37: % | I37: Valor Mensal/unidade de serviço (R$)
A38: 1 | B38: Salário | H38: =I38/$I$46 -> 1 | I38: =IF(D6="12x36",I10,I10/H10*I5) -> 2098.0273
A39: =A38+1 -> 2 | B39: Adicional Periculosidade 30% (Ver súmulas 364, 132 e 191 do TST) | H39: =I39/$I$46 -> 0 | I39: =IF(I9=30%,I38*I9,0) -> 0
A40: =A39+1 -> 3 | B40: Adicional Insalubridade 10% (Ver súmula 228 e 139 TST) | H40: =I40/$I$46 -> 0 | I40: =IF(I7=10%,I25*I7,0) -> 0
A41: =A40+1 -> 4 | B41: Adicional Insalubridade 20% (Ver súmula 228 e 139 TST) | H41: =I41/$I$46 -> 0 | I41: =IF(I7=20%,I25*I7,0) -> 0
A42: =A41+1 -> 5 | B42: Adicional Insalubridade 40% (Ver súmula 228 e 139 TST) | H42: =I42/$I$46 -> 0 | I42: =IF(I7=40%,I25*I7,0) -> 0
A43: =A42+1 -> 6 | B43: Adicional de Supervisor (IN 05/2017 MPOG SLTI) | H43: =I43/$I$46 -> 0 | I43: =IF(I24="Não aplicável",0,I38*I24) -> 0
A44: =A43+1 -> 7 | B44: Feriados | H44: =I44/$I$46 -> 0 | I44: =IF(I26="Não aplicável",0,(I38+I39+I40+I41+I42+I43)/I5*I26*(1+I27)) -> 0
A45: =A44+1 -> 8 | B45: DSR = número total das horas extras do mês / número de dias úteis X domingos e feriados do mês X valor da hora extra com acréscimo | H45: =I45/$I$46 -> 0 | I45: =IF(I26="Não aplicável",0,I26/I13*5*(I10/H10*(1+I27))) -> 0
A46: Total de Remuneração | H46: =SUM(H38:H45) -> 1 | I46: =SUM(I38:I45) -> 2098.0273
A57: II | B57: Encargos Sociais - Grupo II: Obrigações Sociais | H57: % | I57: Valor Mensal/unidade de serviço (R$)
A58: 1 | B58: INSS (art. 22, inc. I, Lei nº 8.212/91) | H58: 0.2 | I58: =$I$46*H58 -> 419.60545
A59: 2 | B59: SESI ou SESC (art. 30, Lei nº 8.036/90) | H59: 0.015 | I59: =$I$46*H59 -> 31.470409
A60: 3 | B60: SENAI ou SENAC (Decreto-Lei nº 2.318/86) | H60: 0.01 | I60: =$I$46*H60 -> 20.980273
A61: 4 | B61: INCRA (art. 15I, Lei Complementar nº 011/71) | H61: 0.002 | I61: =$I$46*H61 -> 4.1960545
A62: 5 | B62: SALÁRIO EDUCAÇÃO (art. , inc. I, Decreto nº 87.043/82) | H62: 0.025 | I62: =$I$46*H62 -> 52.450682
A63: 6 | B63: FGTS (art. 15, Lei nº 8.036/90) | H63: 0.08 | I63: =$I$46*H63 -> 167.84218
A64: 7 | B64: SEG. ACIDENTE DO TRABALHO 1%, 2% e 3% (art. 22, inc. II, alíneas "b" e "c", da Lei nº 8.212/91) | H64: 0.03 | I64: =$I$46*H64 -> 62.940818
A65: 8 | B65: SEBRAE (§ 3º, art. 8º, Lei nº 8.029/90) | H65: 0.006 | I65: =$I$46*H65 -> 12.588164
A66: Total do Grupo II | H66: =SUM(H58:H65) -> 0.368 | I66: =SUM(I58:I65) -> 772.07404
A67: Os percentuais para o SAT podem variar de 0,50% a 6,00% em função do Fator de Acidente Previdenciário (FAP), Decreto nº 6.957/2009
A68: Deverá obrigatoriamente acompanhar a proposta de preços e a planilha de custos e formação de preços a prova do Fator Acidentário de Prevenção – FAP por meio de impressão de consulta ao site do Ministério da Previdência Social (que pode ser obtido no endereço eletrônico http://www2.dataprev.gov.br/fap/fap.htm), independentemente de alteração da alíquota da parcela do Seguro Acidente de Trabalho disposta no Quadro II da referida planilha.
A69: III | B69: Encargos Sociais - Grupo III: Tempo Não Trabalhado | H69: % | I69: Valor Mensal/unidade de serviço (R$)
A70: 1 | B70: FÉRIAS GOZADAS + ADICIONAL DE FÉRIAS | H70: 0.119314 | I70: =$I$46*H70 -> 250.32403
A71: 2 | B71: FALTAS ABONADAS (3) | H71: 0.020479 | I71: =$I$46*H71 -> 42.965501
A72: 3 | B72: FALTAS LEGAIS (4) | H72: 0.012123 | I72: =$I$46*H72 -> 25.434385
A73: 4 | B73: LICENÇA MATERNIDADE | H73: 0.011436 | I73: =$I$46*H73 -> 23.99304
A74: 5 | B74: LICENÇA PATERNIDADE | H74: 0.000174 | I74: =$I$46*H74 -> 0.36505675
A75: 6 | B75: ACIDENTE DE TRABALHO | H75: 0.000442 | I75: =$I$46*H75 -> 0.92732805
A76: 7 | B76: AVISO PRÉVIO TRABALHADO | H76: 0.000185 | I76: =$I$46*H76 -> 0.38813505
A77: 8 | B77: 13º SALÁRIO | H77: 0.09079 | I77: =$I$46*H77 -> 190.4799
A78: Total do Grupo III | H78: =SUM(H70:H77) -> 0.254943 | I78: =SUM(I70:I77) -> 534.87737
A79: (3) | B79: Faltas Justificadas por Auxílio Doença
A80: (4) | B80: Faltas Legais - Art. 473 CLT
A81: IV | B81: Encargos Sociais - Grupo IV: Indenizações | H81: % | I81: Valor Mensal/unidade de serviço (R$)
A82: 1 | B82: INDENIZAÇÕES | H82: 0.048321 | I82: =$I$46*H82 -> 101.37878
A83: 2 | B83: FGTS SOBRE INDENIZAÇÕES | H83: 0.003511 | I83: =$I$46*H83 -> 7.3661738
A84: 3 | B84: INDENIZAÇÃO COMPENSATÓRIA POR DEMISSÃO SEM JUSTA CAUSA | H84: 0.019328 | I84: =$I$46*H84 -> 40.550671
A85: Total do Grupo IV | H85: =SUM(H82:H84) -> 0.07116 | I85: =SUM(I82:I84) -> 149.29562
A87: V | B87: Encargos Sociais - Grupo V: Incidências | H87: % | I87: Valor Mensal/unidade de serviço (R$)
A88: 1 | B88: INCIDÊNCIA GRUPO II (Obrigações Sociais) X GRUPO III (Tempo Não Trabalhado) | H88: =(H66*H78) -> 0.093819024 | I88: =$I$46*H88 -> 196.83487
A89: Total do Grupo V | H89: =SUM(H88:H88) -> 0.093819024 | I89: =I88 -> 196.83487
A91: TOTAL DOS ENCARGOS SOCIAIS (II + III + IV + V) | H91: =H66+H78+H85+H89 -> 0.78792202 | I91: =I66+I78+I85+I89 -> 1653.0819
A93: VI | B93: Demais custos relativos à Norma Coletiva ou Disposições Legais - Grupo VI | H93: % | I93: Valor Mensal/unidade de serviço (R$)
A94: 1 | B94: Auxílio Alimentação | H94: =I94/$I$46 -> 0.23060377 | I94: =I114 -> 483.813
A95: =A94+1 -> 2 | B95: Auxílio Lanche | H95: =I95/$I$46 -> 0 | I95: =I110 -> 0
A96: =A95+1 -> 3 | B96: Plano de Saúde | H96: =I96/$I$46 -> 0 | I96: 0
A97: =A96+1 -> 4 | B97: Vale-Transporte⁽⁵⁾ | H97: =I97/$I$46 -> 0.051152035 | I97: =I106 -> 107.31836
A98: =A97+1 -> 5 | B98: Adicional Intervalar | H98: =I98/$I$46 -> 0 | I98: =IF(I28="Não aplicável",0,((I10/H10)*1.5*I28)) -> 0
A99: 6 | B99: Prêmio Assiduidade (quando houver) | H99: =I99/$I$46 -> 0.038131058 | I99: =IF(I21="Não aplicável",0,I21) -> 80
A100: 7 | B100: Plano de Benefício Social Familiar (apenas para a CCT SEEAC/SINDASSEIO) | H100: =I100/$I$46 -> 0.012163808 | I100: =IF(I22="Não aplicável",0,I22) -> 25.52
A101: 8 | B101: Outros | H101: =I101/$I$46 -> 0 | I101: =IF(I23="Não aplicável",0,I23) -> 0
A102: Total do Grupo VI | H102: =SUM(H94:H101) -> 0.33205067 | I102: =SUM(I94:I101) -> 696.65136
A103: (5) | B103: O valor do vale-transporte pode variar de acordo com o modal fornecido pelo empregador.
A104: MEMÓRIA DE CÁLCULO DO VALE TRANSPORTE
A105: Valor Unitário | C105: Dias de Trabalho | D105: Vale p/dia | E105: Custo total | F105: Base de cálculo | G105: Percentual de desconto | H105: Valor desconto | I105: Custo efetivo
A106: =IF(I12="Não aplicável",0,I12) -> 5.3 | C106: =IF(I13="Não aplicável",0,I13) -> 22 | D106: 2 | E106: =A106*C106*D106 -> 233.2 | F106: =I38 -> 2098.0273 | G106: =IF(I14="Não aplicável",0,I14) -> 0.06 | H106: =F106*G106 -> 125.88164 | I106: =IF((E106-H106)>0,E106-H106,0) -> 107.31836
A108: MEMÓRIA DE CÁLCULO DO VALE LANCHE
A109: Valor Unitário | C109: Dias por mês | D109: Vale p/dia | E109: Custo total | F109: Base de cálculo | G109: Percentual de desconto | H109: Valor desconto | I109: Custo efetivo
A110: =IF(I18="Não aplicável",0,I18) -> 0 | C110: =IF(I19="Não aplicável",0,I19) -> 0 | D110: 1 | E110: =A110*C110*D110 -> 0 | F110: =E110 -> 0 | G110: =IF(I20="Não aplicável",0,I20) -> 0 | H110: =F110*G110 -> 0 | I110: =E110-H110 -> 0
A112: MEMÓRIA DE CÁLCULO DO | F112: =A15 -> Auxílio Alimentação
A113: Valor Unitário | C113: Dias por mês | D113: Vale p/dia | E113: Custo total | F113: Base de cálculo | G113: Percentual de desconto | H113: =H105 -> Valor desconto | I113: Custo efetivo
A114: =IF(I15="Não aplicável",0,I15) -> 27.15 | C114: =IF(I16="Não aplicável",0,I16) -> 22 | D114: 1 | E114: =A114*C114*D114 -> 597.3 | F114: =E114 -> 597.3 | G114: =IF(I17="Não aplicável",0,I17) -> 0.19 | H114: =F114*G114 -> 113.487 | I114: =E114-H114 -> 483.813
A116: TOTAL DO MONTANTE A (I + II + III+ IV + V +VI) | H116: =H46+H91+H102 -> 2.1199727 | I116: =I46+I91+I102 -> 4447.7605
A118: MONTANTE B
A119: I | B119: Despesas Diretas | H119: % | I119: Valor Mensal/unidade de serviço (R$)
A120: 1 | B120: Transporte (6) | H120: =I120/$I$132 -> 0 | I120: 0
A121: 2 | B121: Uniformes/EPI (6a) | H121: =I121/$I$132 -> 0.1 | I121: =IF(F130=10%,G130,0) -> 434.04422
A122: 3 | B122: Seguro de vida | H122: =I122/$I$132 -> 0 | I122: 0
A123: 4 | B123: Materiais/Equipamentos (7) | H123: =I123/$I$132 -> 0 | I123: 0
...

Sheet Aux. Administrativo 01 ELDORADO
A1: PLANILHA DE CUSTOS E FORMAÇÃO DE PREÇOS DE SERVIÇOS CONTINUADOS COM DEDICAÇÃO EXCLUSIVA DE MÃO DE OBRA (ANEXO III - DECRETO 52.768 de 15.12.2015)
A2: PROCESSO: | C2: 25/1500-0029436-4 | E2: REGIME DE TRIBUTAÇÃO: LUCRO REAL
A3: LICITAÇÃO/EDITAL | E3: ABERTURA:
A5: Cargo/Função: | D5: Auxiliar Administrativo | G5: =IF(D6="12x36","Regime de trabalho:","Quantidade de HORAS/MÊS") -> Quantidade de HORAS/MÊS | I5: 200
A6: =IF(D6="12x36","Regime de trabalho:","Regime de trabalho (horas semanais):") -> Regime de trabalho (horas semanais): | D6: 40
A7: Convenção Coletiva de Trabalho: | D7: RS000041/2026 | G7: INSALUBRIDADE (10%, 20%, 40%) | I7: Não aplicável
A8: Origem do salário: | D8: CCT
A9: Cidade: | D9: Eldorado do Sul | G9: PERICULOSIDADE (30%) | I9: Não aplicável
A10: Salário Normativo | G10: Vlr. do salário e nº de horas correspondentes | H10: 220 | I10: 2307.83
A11: ISS | G11: =D9 -> Eldorado do Sul | H11: Alíquota | I11: 0.05
A12: Tarifa Transporte | G12: CCT | H12: Vr. Unitário | I12: 4.3
H13: Dias | I13: 22
H14: Desconto | I14: 0.06
A15: Auxílio Alimentação | G15: CCT | H15: Vr. Unitário | I15: 27.15
H16: Dias | I16: 22
H17: Desconto | I17: 0.19
A18: Auxílio Lanche | G18: CCT | H18: Vr. Unitário | I18: 0
H19: Dias | I19: 0
H20: Desconto | I20: 0
A21: Prêmio Assiduidade / Cesta Básica (quando houver) | G21: CCT | H21: Valor mensal | I21: 80
A22: Plano de Benefício Social Familiar (apenas para a CCT SEEAC/SINDASSEIO) | G22: CCT | H22: Valor mensal | I22: 25.52
A23: Outros benefícios que refletem na planilha de custos, caso constem na CCT. | G23: CCT | H23: Valor mensal | I23: Não aplicável
A24: Adicional de Supervisor (37%) | H24: Porcentagem | I24: Não aplicável
A25: Base de cálculo da insalubridade | H25: Valor | I25: Não aplicável
A26: Quantitativo de horas trabalhadas em feriados no mês (estimado) - Não aplicável para postos 12x36 | H26: Horas por mês | I26: Não aplicável
H27: Acréscimo da hora extra | I27: Não aplicável
A28: Hora Intervalar (somente para postos 12x36, quando for o caso) | H28: Horas por mês | I28: Não aplicável
A29: Sem fornecimento de materiais ou apenas fornecimento de EPIs ou uniformes, utilizar 10%. Com fornecimento de materiais ou equipamentos, utilizar 20%. (Decreto 52.768/2015, alterado pelo Decreto 53.424/2017) | H29: Porcentagem | I29: 0.1
I30: Não aplicável
A36: MONTANTE A
A37: I | B37: Remuneração - Grupo I | H37: % | I37: Valor Mensal/unidade de serviço (R$)
A38: 1 | B38: Salário | H38: =I38/$I$46 -> 1 | I38: =IF(D6="12x36",I10,I10/H10*I5) -> 2098.0273
A39: =A38+1 -> 2 | B39: Adicional Periculosidade 30% (Ver súmulas 364, 132 e 191 do TST) | H39: =I39/$I$46 -> 0 | I39: =IF(I9=30%,I38*I9,0) -> 0
A40: =A39+1 -> 3 | B40: Adicional Insalubridade 10% (Ver súmula 228 e 139 TST) | H40: =I40/$I$46 -> 0 | I40: =IF(I7=10%,I25*I7,0) -> 0
A41: =A40+1 -> 4 | B41: Adicional Insalubridade 20% (Ver súmula 228 e 139 TST) | H41: =I41/$I$46 -> 0 | I41: =IF(I7=20%,I25*I7,0) -> 0
A42: =A41+1 -> 5 | B42: Adicional Insalubridade 40% (Ver súmula 228 e 139 TST) | H42: =I42/$I$46 -> 0 | I42: =IF(I7=40%,I25*I7,0) -> 0
A43: =A42+1 -> 6 | B43: Adicional de Supervisor (IN 05/2017 MPOG SLTI) | H43: =I43/$I$46 -> 0 | I43: =IF(I24="Não aplicável",0,I38*I24) -> 0
A44: =A43+1 -> 7 | B44: Feriados | H44: =I44/$I$46 -> 0 | I44: =IF(I26="Não aplicável",0,(I38+I39+I40+I41+I42+I43)/I5*I26*(1+I27)) -> 0
A45: =A44+1 -> 8 | B45: DSR = número total das horas extras do mês / número de dias úteis X domingos e feriados do mês X valor da hora extra com acréscimo | H45: =I45/$I$46 -> 0 | I45: =IF(I26="Não aplicável",0,I26/I13*5*(I10/H10*(1+I27))) -> 0
A46: Total de Remuneração | H46: =SUM(H38:H45) -> 1 | I46: =SUM(I38:I45) -> 2098.0273
A57: II | B57: Encargos Sociais - Grupo II: Obrigações Sociais | H57: % | I57: Valor Mensal/unidade de serviço (R$)
A58: 1 | B58: INSS (art. 22, inc. I, Lei nº 8.212/91) | H58: 0.2 | I58: =$I$46*H58 -> 419.60545
A59: 2 | B59: SESI ou SESC (art. 30, Lei nº 8.036/90) | H59: 0.015 | I59: =$I$46*H59 -> 31.470409
A60: 3 | B60: SENAI ou SENAC (Decreto-Lei nº 2.318/86) | H60: 0.01 | I60: =$I$46*H60 -> 20.980273
A61: 4 | B61: INCRA (art. 15I, Lei Complementar nº 011/71) | H61: 0.002 | I61: =$I$46*H61 -> 4.1960545
A62: 5 | B62: SALÁRIO EDUCAÇÃO (art. , inc. I, Decreto nº 87.043/82) | H62: 0.025 | I62: =$I$46*H62 -> 52.450682
A63: 6 | B63: FGTS (art. 15, Lei nº 8.036/90) | H63: 0.08 | I63: =$I$46*H63 -> 167.84218
A64: 7 | B64: SEG. ACIDENTE DO TRABALHO 1%, 2% e 3% (art. 22, inc. II, alíneas "b" e "c", da Lei nº 8.212/91) | H64: 0.03 | I64: =$I$46*H64 -> 62.940818
A65: 8 | B65: SEBRAE (§ 3º, art. 8º, Lei nº 8.029/90) | H65: 0.006 | I65: =$I$46*H65 -> 12.588164
A66: Total do Grupo II | H66: =SUM(H58:H65) -> 0.368 | I66: =SUM(I58:I65) -> 772.07404
A67: Os percentuais para o SAT podem variar de 0,50% a 6,00% em função do Fator de Acidente Previdenciário (FAP), Decreto nº 6.957/2009
A68: Deverá obrigatoriamente acompanhar a proposta de preços e a planilha de custos e formação de preços a prova do Fator Acidentário de Prevenção – FAP por meio de impressão de consulta ao site do Ministério da Previdência Social (que pode ser obtido no endereço eletrônico http://www2.dataprev.gov.br/fap/fap.htm), independentemente de alteração da alíquota da parcela do Seguro Acidente de Trabalho disposta no Quadro II da referida planilha.
A69: III | B69: Encargos Sociais - Grupo III: Tempo Não Trabalhado | H69: % | I69: Valor Mensal/unidade de serviço (R$)
A70: 1 | B70: FÉRIAS GOZADAS + ADICIONAL DE FÉRIAS | H70: 0.119314 | I70: =$I$46*H70 -> 250.32403
A71: 2 | B71: FALTAS ABONADAS (3) | H71: 0.020479 | I71: =$I$46*H71 -> 42.965501
A72: 3 | B72: FALTAS LEGAIS (4) | H72: 0.012123 | I72: =$I$46*H72 -> 25.434385
A73: 4 | B73: LICENÇA MATERNIDADE | H73: 0.011436 | I73: =$I$46*H73 -> 23.99304
A74: 5 | B74: LICENÇA PATERNIDADE | H74: 0.000174 | I74: =$I$46*H74 -> 0.36505675
A75: 6 | B75: ACIDENTE DE TRABALHO | H75: 0.000442 | I75: =$I$46*H75 -> 0.92732805
A76: 7 | B76: AVISO PRÉVIO TRABALHADO | H76: 0.000185 | I76: =$I$46*H76 -> 0.38813505
A77: 8 | B77: 13º SALÁRIO | H77: 0.09079 | I77: =$I$46*H77 -> 190.4799
A78: Total do Grupo III | H78: =SUM(H70:H77) -> 0.254943 | I78: =SUM(I70:I77) -> 534.87737
A79: (3) | B79: Faltas Justificadas por Auxílio Doença
A80: (4) | B80: Faltas Legais - Art. 473 CLT
A81: IV | B81: Encargos Sociais - Grupo IV: Indenizações | H81: % | I81: Valor Mensal/unidade de serviço (R$)
A82: 1 | B82: INDENIZAÇÕES | H82: 0.048321 | I82: =$I$46*H82 -> 101.37878
A83: 2 | B83: FGTS SOBRE INDENIZAÇÕES | H83: 0.003511 | I83: =$I$46*H83 -> 7.3661738
A84: 3 | B84: INDENIZAÇÃO COMPENSATÓRIA POR DEMISSÃO SEM JUSTA CAUSA | H84: 0.019328 | I84: =$I$46*H84 -> 40.550671
A85: Total do Grupo IV | H85: =SUM(H82:H84) -> 0.07116 | I85: =SUM(I82:I84) -> 149.29562
A87: V | B87: Encargos Sociais - Grupo V: Incidências | H87: % | I87: Valor Mensal/unidade de serviço (R$)
A88: 1 | B88: INCIDÊNCIA GRUPO II (Obrigações Sociais) X GRUPO III (Tempo Não Trabalhado) | H88: =(H66*H78) -> 0.093819024 | I88: =$I$46*H88 -> 196.83487
A89: Total do Grupo V | H89: =SUM(H88:H88) -> 0.093819024 | I89: =I88 -> 196.83487
A91: TOTAL DOS ENCARGOS SOCIAIS (II + III + IV + V) | H91: =H66+H78+H85+H89 -> 0.78792202 | I91: =I66+I78+I85+I89 -> 1653.0819
A93: VI | B93: Demais custos relativos à Norma Coletiva ou Disposições Legais - Grupo VI | H93: % | I93: Valor Mensal/unidade de serviço (R$)
A94: 1 | B94: Auxílio Alimentação | H94: =I94/$I$46 -> 0.23060377 | I94: =I114 -> 483.813
A95: =A94+1 -> 2 | B95: Auxílio Lanche | H95: =I95/$I$46 -> 0 | I95: =I110 -> 0
A96: =A95+1 -> 3 | B96: Plano de Saúde | H96: =I96/$I$46 -> 0 | I96: 0
A97: =A96+1 -> 4 | B97: Vale-Transporte⁽⁵⁾ | H97: =I97/$I$46 -> 0.030179953 | I97: =I106 -> 63.318364
A98: =A97+1 -> 5 | B98: Adicional Intervalar | H98: =I98/$I$46 -> 0 | I98: =IF(I28="Não aplicável",0,((I10/H10)*1.5*I28)) -> 0
A99: 6 | B99: Prêmio Assiduidade (quando houver) | H99: =I99/$I$46 -> 0.038131058 | I99: =IF(I21="Não aplicável",0,I21) -> 80
A100: 7 | B100: Plano de Benefício Social Familiar (apenas para a CCT SEEAC/SINDASSEIO) | H100: =I100/$I$46 -> 0.012163808 | I100: =IF(I22="Não aplicável",0,I22) -> 25.52
A101: 8 | B101: Outros | H101: =I101/$I$46 -> 0 | I101: =IF(I23="Não aplicável",0,I23) -> 0
A102: Total do Grupo VI | H102: =SUM(H94:H101) -> 0.31107859 | I102: =SUM(I94:I101) -> 652.65136
A103: (5) | B103: O valor do vale-transporte pode variar de acordo com o modal fornecido pelo empregador.
A104: MEMÓRIA DE CÁLCULO DO VALE TRANSPORTE
A105: Valor Unitário | C105: Dias de Trabalho | D105: Vale p/dia | E105: Custo total | F105: Base de cálculo | G105: Percentual de desconto | H105: Valor desconto | I105: Custo efetivo
A106: =IF(I12="Não aplicável",0,I12) -> 4.3 | C106: =IF(I13="Não aplicável",0,I13) -> 22 | D106: 2 | E106: =A106*C106*D106 -> 189.2 | F106: =I38 -> 2098.0273 | G106: =IF(I14="Não aplicável",0,I14) -> 0.06 | H106: =F106*G106 -> 125.88164 | I106: =IF((E106-H106)>0,E106-H106,0) -> 63.318364
A108: MEMÓRIA DE CÁLCULO DO VALE LANCHE
A109: Valor Unitário | C109: Dias por mês | D109: Vale p/dia | E109: Custo total | F109: Base de cálculo | G109: Percentual de desconto | H109: Valor desconto | I109: Custo efetivo
A110: =IF(I18="Não aplicável",0,I18) -> 0 | C110: =IF(I19="Não aplicável",0,I19) -> 0 | D110: 1 | E110: =A110*C110*D110 -> 0 | F110: =E110 -> 0 | G110: =IF(I20="Não aplicável",0,I20) -> 0 | H110: =F110*G110 -> 0 | I110: =E110-H110 -> 0
A112: MEMÓRIA DE CÁLCULO DO | F112: =A15 -> Auxílio Alimentação
A113: Valor Unitário | C113: Dias por mês | D113: Vale p/dia | E113: Custo total | F113: Base de cálculo | G113: Percentual de desconto | H113: =H105 -> Valor desconto | I113: Custo efetivo
A114: =IF(I15="Não aplicável",0,I15) -> 27.15 | C114: =IF(I16="Não aplicável",0,I16) -> 22 | D114: 1 | E114: =A114*C114*D114 -> 597.3 | F114: =E114 -> 597.3 | G114: =IF(I17="Não aplicável",0,I17) -> 0.19 | H114: =F114*G114 -> 113.487 | I114: =E114-H114 -> 483.813
A116: TOTAL DO MONTANTE A (I + II + III+ IV + V +VI) | H116: =H46+H91+H102 -> 2.0990006 | I116: =I46+I91+I102 -> 4403.7605
A118: MONTANTE B
A119: I | B119: Despesas Diretas | H119: % | I119: Valor Mensal/unidade de serviço (R$)
A120: 1 | B120: Transporte (6) | H120: =I120/$I$132 -> 0 | I120: 0
A121: 2 | B121: Uniformes/EPI (6a) | H121: =I121/$I$132 -> 0.1 | I121: =IF(F130=10%,G130,0) -> 434.04422
A122: 3 | B122: Seguro de vida | H122: =I122/$I$132 -> 0 | I122: 0
A123: 4 | B123: Materiais/Equipamentos (7) | H123: =I123/$I$132 -> 0 | I123: 0
...

Sheet Materiais Equipamentos
A1: ATENÇÃO: SOMENTE PREENCHER QUANDO HOUVER FORNECIMENTO DE MATERIAIS E/OU EQUIPAMENTOS (NÃO INCLUÍDO EPIs E UNIFORMES)
A2: PLANILHA DE MATERIAIS E EQUIPAMENTOS A SER PREENCHIDA PELO LICITANTE COM BASE NO TERMO DE REFERÊNCIA (CGL 7.2 DO EDITAL)
A3: Material/Equipamento (não incluir EPIs e uniformes) | B3: Quantidade | C3: Valor unitário | D3: Valor total
A35: VALOR TOTAL MENSAL DE MATERIAIS/EQUIPAMENTOS: | D35: =SUM(D4:D33) -> 0

Sheet Resumo
A1: Função | B1: Cidade | C1: Carga Horária | D1: Dias da semana | E1: Nº de Postos | F1: Valor unitário mensal de MATERIAL/EQUIPAMENTO | G1: Valor total mensal de MATERIAL/EQUIPAMENTO | H1: Valor unitário mensal de retenção para a CONTA VINCULADA | I1: Valor total mensal de retenção para a CONTA VINCULADA | J1: Valor unitário mensal do posto | K1: Valor total mensal do posto
A2: Auxiliar de Limpeza | B2: Porto Alegre | C2: 40h semanais | D2: Segunda a Sexta | E2: 14 | F2: =OFFSET(INDIRECT(SUBSTITUTE(_xlfn.FORMULATEXT(J2),"=","")), -6, 0) -> 0 | G2: =F2*E2 -> 0 | H2: =OFFSET(INDIRECT(SUBSTITUTE(_xlfn.FORMULATEXT(J2),"=","")), -3, 0) -> 865.32179 | I2: =H2*E2 -> 12114.505 | J2: ='Aux. Limpeza (14 POA)'!I196 -> 5376.1986 | K2: =E2*J2 -> 75266.781
A3: Auxiliar de Limpeza | B3: Eldorado do Sul | C3: 40h semanais | D3: Segunda a Sexta | E3: 2 | F3: =OFFSET(INDIRECT(SUBSTITUTE(_xlfn.FORMULATEXT(J3),"=","")), -6, 0) -> 0 | G3: =F3*E3 -> 0 | H3: =OFFSET(INDIRECT(SUBSTITUTE(_xlfn.FORMULATEXT(J3),"=","")), -3, 0) -> 865.32179 | I3: =H3*E3 -> 1730.6436 | J3: ='Aux. Limpeza (02 ELDORADO)'!I196 -> 5481.6272 | K3: =E3*J3 -> 10963.254
A4: Copeira | B4: Porto Alegre | C4: 40h semanais | D4: Segunda a Sexta | E4: 2 | F4: =OFFSET(INDIRECT(SUBSTITUTE(_xlfn.FORMULATEXT(J4),"=","")), -6, 0) -> 0 | G4: =F4*E4 -> 0 | H4: =OFFSET(INDIRECT(SUBSTITUTE(_xlfn.FORMULATEXT(J4),"=","")), -3, 0) -> 741.70424 | I4: =H4*E4 -> 1483.4085 | J4: ='Copeira (02 POA)'!I196 -> 5333.8912 | K4: =E4*J4 -> 10667.782
A5: Recepcionista | B5: Porto Alegre | C5: 40h semanais | D5: Segunda a Sexta | E5: 2 | F5: =OFFSET(INDIRECT(SUBSTITUTE(_xlfn.FORMULATEXT(J5),"=","")), -6, 0) -> 0 | G5: =F5*E5 -> 0 | H5: =OFFSET(INDIRECT(SUBSTITUTE(_xlfn.FORMULATEXT(J5),"=","")), -3, 0) -> 698.79435 | I5: =H5*E5 -> 1397.5887 | J5: ='Recepcionista (02 POA)'!I196 -> 4920.1684 | K5: =E5*J5 -> 9840.3368
A6: Recepcionista | B6: Eldorado do Sul | C6: 40h semanais | D6: Segunda a Sexta | E6: 1 | F6: =OFFSET(INDIRECT(SUBSTITUTE(_xlfn.FORMULATEXT(J6),"=","")), -6, 0) -> 0 | G6: =F6*E6 -> 0 | H6: =OFFSET(INDIRECT(SUBSTITUTE(_xlfn.FORMULATEXT(J6),"=","")), -3, 0) -> 698.79435 | I6: =H6*E6 -> 698.79435 | J6: ='Recepcionista (01 ELDORADO)'!I196 -> 5012.3016 | K6: =E6*J6 -> 5012.3016
A7: Supervisor | B7: Porto Alegre | C7: 40h semanais | D7: Segunda a Sexta | E7: 1 | F7: =OFFSET(INDIRECT(SUBSTITUTE(_xlfn.FORMULATEXT(J7),"=","")), -6, 0) -> 0 | G7: =F7*E7 -> 0 | H7: =OFFSET(INDIRECT(SUBSTITUTE(_xlfn.FORMULATEXT(J7),"=","")), -3, 0) -> 1106.6684 | I7: =H7*E7 -> 1106.6684 | J7: ='Supervisor (01 POA)'!I196 -> 7473.4766 | K7: =E7*J7 -> 7473.4766
A8: Aux. Administrativo | B8: Porto Alegre | C8: 40h semanais | D8: Segunda a Sexta | E8: 38 | F8: =OFFSET(INDIRECT(SUBSTITUTE(_xlfn.FORMULATEXT(J8),"=","")), -6, 0) -> 0 | G8: =F8*E8 -> 0 | H8: =OFFSET(INDIRECT(SUBSTITUTE(_xlfn.FORMULATEXT(J8),"=","")), -3, 0) -> 807.78714 | I8: =H8*E8 -> 30695.911 | J8: ='Aux. Administrativo (38 POA)'!I196 -> 5693.0668 | K8: =E8*J8 -> 216336.54
A9: Aux. Administrativo | B9: Eldorado do Sul | C9: 40h semanais | D9: Segunda a Sexta | E9: 1 | F9: =OFFSET(INDIRECT(SUBSTITUTE(_xlfn.FORMULATEXT(J9),"=","")), -6, 0) -> 0 | G9: =F9*E9 -> 0 | H9: =OFFSET(INDIRECT(SUBSTITUTE(_xlfn.FORMULATEXT(J9),"=","")), -3, 0) -> 807.78714 | I9: =H9*E9 -> 807.78714 | J9: ='Aux. Administrativo 01 ELDORADO'!I196 -> 5641.7548 | K9: =E9*J9 -> 5641.7548
A11: TOTAL DE POSTOS: | E11: =SUM(E2:E9) -> 61 | F11: VALOR TOTAL MENSAL DE MATERIAIS/EQUIPAMENTOS: | G11: =SUM(G2:G9) -> 0 | H11: VALOR MENSAL PARA RETENÇÃO EM CONTA VINCULADA: | I11: =SUM(I2:I9) -> 50035.307 | J11: PORCENTAGEM CORRESPONDENTE EM RELAÇÃO AO VALOR TOTAL PARA RETENÇÃO EM CONTA VINCULADA: | K11: =I11/K13 -> 0.14664414
A13: VALOR GLOBAL MENSAL: | K13: =SUM(K2:K9) -> 341202.22
